 Dungeon Crawl Stone Soup version 0.31-a0-1-g4198be8af4 (webtiles) character file.

Game seed: 14813920549493267268

1759777 MackTheKnife the Cloud Mage (level 25, 237/246 HPs)
             Began as a White Draconian Air Elementalist on Apr 28, 2023.
             Was a High Priest of Ashenzari.
             Escaped with the Orb
             ... and 3 runes on Apr 30, 2023!
             The game lasted 02:20:40 (59654 turns).

MackTheKnife the Cloud Mage (DrAE)                 Turns: 59654, Time: 02:20:40

Health: 237/246    AC: 29    Str: 16    XL:     25   Next: 22%
Magic:  41/57      EV: 31    Int: 33    God:    Ashenzari [*****.]
Gold:   3829       SH:  8    Dex: 21    Spells: 21/66 levels left

rFire   + + +        H - +17 lance "Wyrmbane" {slay drac, rPois rF+ rC+ AC+3, Bglg, Self} (curse)
rCold   + + +        g - +0 buckler of the Bound Empyrean {Fort, Cun} (curse)
rNeg    + + .        (body armour unavailable)
rPois   +            P - +4 hat "Scepticism of Ashenzari" {Drain rElec Str+4 SInv, Fort, Elem} (curse)
rElec   +            N - +3 cloak "Esoteric Ordeal" {Rampage rN++ Int+4 Stlth+, Melee, Elem} (curse)
rCorr   +            C - +2 pair of gloves of Supernal Gnosis {Elem, Fort} (curse)
SInv    +            R - +2 pair of boots of the Circumscribed God {Fly, Elem, Fort} (curse)
Will    ++++.        p - amulet of Supernal Understanding {rF++ Will+ Regen+ Int+4, Self, Comp} (curse)
Stlth   ++           A - ring "Seer of Ashenzari" {rC+ MP+9 Int+3 Dex+3, Fort, Cun} (curse)
HPRegen 1.41/turn    X - ring "Dimatif" {rPois Will+ rCorr Str+2}
MPRegen 0.35/turn

%: clarity, rampage
@: flying
A: breathe frost, AC +12, unfitting armour, cold resistance 1, cold-blooded,
stinger 2, talons 1, strong-willed 1, devolution 1
0: Orb of Zot
}: 3/15 runes: barnacled, silver, gossamer
a: Breathe Frost, Renounce Religion, Curse Item, Shatter the Chains


You escaped.
You worshipped Ashenzari.
Ashenzari was extremely pleased with you.
You visited 8 branches of the dungeon, and saw 44 of its levels.
You also visited: Trove, Bailey, Gauntlet, Volcano, Wizlab and Desolation.

You collected 5904 gold pieces.
You spent 2075 gold pieces at shops.


Innate Abilities, Weirdness & Mutations

You can breathe waves of freezing cold which knock back foes.
Your icy white scales are hard. (AC +12)
You cannot fit into any form of body armour.
Your flesh is cold resistant. (rC+)
You are cold-blooded and may be slowed by cold attacks.
Your tail ends in a sharp venomous barb.
You have sharp toenails.
You are strong-willed. (Will+)
You have hidden genetic defects.


   Skills:
 - Level 21.4(24.2) Fighting
 - Level 12.8(14.8) Polearms
 - Level 21.3(24.1) Dodging
 - Level 1.7(3.9) Stealth
 - Level 7.3(13.0) Shields
 + Level 18.4(21.3) Spellcasting
 - Level 5.4(7.5) Conjurations
 - Level 8.0(10.2) Hexes
 - Level 12.7(14.8) Summonings
 - Level 8.6(10.8) Necromancy
 - Level 4.3 Transmutations
 - Level 5.1(9.8) Ice Magic
 - Level 21.6(26.2) Air Magic
 - Level 4.5 Evocations


You had 21 spell levels left.
You knew the following spells:

 Your Spells              Type           Power      Damage    Failure   Level
a - Haunt                 Necr/Summ      44%        N/A       4%          7
b - Arcjolt               Conj/Air       49%        1d59      1%          5
c - Airstrike             Air            59%        2d(9-25)  0%          4
d - Freezing Cloud        Conj/Ice/Air   46%        6-21      1%          5
e - Yara's Violent Unrav  Hex/Tmut       35%        3d14      1%          5
f - Maxwell's Capacitive  Air            59%        โˆž       1%          8
g - Blink                 Tloc           72%        N/A       1%          2
h - Animate Dead          Necr           82%        N/A       1%          4
i - Irradiate             Conj/Tmut      32%        3d22      2%          5

Your spell library contained the following spells:

 Spells                   Type           Power      Damage    Failure   Level
 Necrotise                Necr           100%       1d9       0%          1
 Shock                    Conj/Air       100%       1d9       0%          1
 Summon Small Mammal      Summ           100%       N/A       0%          1
 Call Imp                 Summ           100%       N/A       0%          2
 Cigotuvi's Dreadful Rot  Necr/Pois/Air  100%       N/A       0%          2
 Poisonous Vapours        Pois/Air       100%       N/A       0%          2
 Static Discharge         Conj/Air       100%       2-7/arc   0%          2
 Call Canine Familiar     Summ           93%        N/A       0%          3
 Swiftness                Air            100%       N/A       0%          3
 Vhi's Electric Charge    Tloc/Air       100%       N/A       0%          3
 Summon Lightning Spire   Summ/Air       100%       N/A       0%          4
 Silence                  Hex/Air        50%        N/A       0%          5
 Apportation              Tloc           72%        N/A       1%          1
 Kiss of Death            Conj/Necr      100%       2d13      1%          1
 Magic Dart               Conj           100%       1d8       1%          1
 Sandblast                Erth           80%        2d17      1%          1
 Sting                    Tmut/Pois      100%       1d8       1%          1
 Ensorcelled Hibernation  Hex/Ice        100%       N/A       1%          2
 Lesser Beckoning         Tloc           72%        N/A       1%          2
 Momentum Strike          Conj/Tloc      100%       3d10      1%          2
 Passwall                 Tmut/Erth      42%        N/A       1%          2
 Searing Ray              Conj           100%       2d8       1%          2
 Sublimation of Blood     Necr           82%        N/A       1%          2
 Confusing Touch          Hex            80%        N/A       1%          3
 Dazzling Flash           Conj/Hex       100%       N/A       1%          3
 Frozen Ramparts          Ice            100%       1d16      1%          3
 Hailstorm                Conj/Ice       75%        3d15      1%          3
 Ignite Poison            Fire/Tmut/Pois 46%        N/A       1%          3
 Inner Flame              Hex/Fire       64%        N/A       1%          3
 Mephitic Cloud           Conj/Pois/Air  83%        N/A       1%          3
 Portal Projectile        Hex/Tloc       100%       N/A       1%          3
 Stone Arrow              Conj/Erth      100%       3d13      1%          3
 Summon Guardian Golem    Hex/Summ       87%        N/A       1%          3
 Tukima's Dance           Hex            80%        N/A       1%          3
 Anguish                  Hex/Necr       40%        N/A       1%          4
 Cause Fear               Hex            40%        N/A       1%          4
 Dispel Undead            Necr           82%        3d27      1%          4
 Fulminant Prism          Conj/Hex       38%        3d17      1%          4
 Ice Form                 Ice/Tmut       70%        N/A       1%          4
 Iskenderun's Mystic Bla  Conj/Tloc      57%        2d12      1%          4
 Leda's Liquefaction      Hex/Erth       32%        N/A       1%          4
 Sticky Flame             Conj/Fire      58%        2d7       1%          4
 Summon Ice Beast         Ice/Summ       86%        N/A       1%          4
 Agony                    Necr           82%        N/A       1%          5
 Iskenderun's Battlesphe  Conj           71%        2d12      1%          5
 Death Channel            Necr           41%        N/A       1%          6
 Storm Form               Tmut/Air       47%        N/A       1%          7
 Gell's Gravitas          Tloc           36%        N/A       2%          3
 Teleport Other           Tloc           36%        N/A       2%          3
 Volatile Blastmotes      Fire/Tloc      76%        2d16      2%          3
 Simulacrum               Ice/Necr       40%        N/A       2%          6
 Petrify                  Tmut/Erth      51%        N/A       3%          4
 Manifold Assault         Tloc           36%        N/A       9%          4
 Passage of Golubria      Tloc           36%        N/A       9%          4
 Spellforged Servitor     Conj/Summ      41%        N/A       9%          7
 Olgreb's Toxic Radiance  Pois           35%        N/A       11%         4
 Enfeeble                 Hex            40%        N/A       13%         7
 Ozocubu's Refrigeration  Ice            39%        4d16      16%         7
 Lee's Rapid Deconstruct  Erth           20%        3d12*     22%         5
 Iron Shot                Conj/Erth      29%        9d6       28%         6
 Starburst                Conj/Fire      29%        6d9       28%         6
 Orb of Destruction       Conj           35%        9d10      36%         7
 Borgnjor's Revivificati  Necr           41%        N/A       61%         8
 Infestation              Necr           41%        N/A       61%         8
 Dispersal                Tloc           18%        N/A       80%         6
 Dragon Form              Tmut           29%        N/A       83%         7
 Dragon's Call            Summ           46%        N/A       94%         9
 Necromutation            Tmut/Necr      35%        N/A       96%         8
 Disjunction              Tloc           18%        N/A       100%        8
 Ignition                 Fire           20%        3d7       100%        8
 Death's Door             Necr           41%        N/A       100%        9
 Fire Storm               Conj/Fire      29%        8d7       100%        9
 Polar Vortex             Ice            39%        N/A       100%        9

Inventory:

Hand Weapons
 F - a +0 quick blade of holy wrath {shortrare=g}
   (You took it off a spriggan defender on level 3 of the Depths)
 H - the cursed +17 lance "Wyrmbane" (weapon) {slay drac, rPois rF+ rC+ AC+3, Bglg, Self}
   (You took it off Maggie on level 8 of the Dungeon)

   AC:        It affects your AC (+3).
   rF:        It protects you from fire.
   rC:        It protects you from cold.
   rPois:     It protects you from poison.
   It has a curse which improves the following skills: Beguiling: Conjurations,
   Hexes and Translocations.
   Introspection: Fighting and Spellcasting.
Armour
 g - the cursed +0 buckler of the Bound Empyrean (worn) {Fort, Cun}
   (You found it on level 4 of the Dungeon)

   It has a curse which improves the following skills: Fortitude: Shields.
   Cunning:   Dodging and Stealth.
 C - the cursed +2 pair of gloves of Supernal Gnosis (worn) {Elem, Fort}
   (You bought it in a shop on level 6 of the Dungeon)

   It has a curse which improves the following skills: Elements: Fire Magic, Ice
   Magic, Air Magic and Earth Magic.
   Fortitude: Shields.
 N - the cursed +3 cloak "Esoteric Ordeal" (worn) {Rampage rN++ Int+4 Stlth+, Melee, Elem}
   (You found it on level 2 of the Lair of Beasts)

   Int:       It affects your intelligence (+4).
   rN:        It greatly protects you from negative energy.
   Rampage:   It bestows one free step when moving towards enemies.
   Stlth:     It makes you more stealthy.
   It has a curse which improves the following skills: Melee Combat: Short
   Blades, Long Blades, Axes, Maces & Flails, Polearms, Staves and Unarmed
   Combat.
   Elements:  Fire Magic, Ice Magic, Air Magic and Earth Magic.
 P - the cursed +4 hat "Scepticism of Ashenzari" (worn) {Drain rElec Str+4 SInv, Fort, Elem}
   (You acquired it on level 8 of the Dungeon)

   Str:       It affects your strength (+4).
   rElec:     It insulates you from electricity.
   SInv:      It lets you see invisible.
   Drain:     It drains your maximum health when unequipped.
   It has a curse which improves the following skills: Fortitude: Shields.
   Elements:  Fire Magic, Ice Magic, Air Magic and Earth Magic.
 R - the cursed +2 pair of boots of the Circumscribed God (worn) {Fly, Elem, Fort}
   (You found it on level 4 of the Spider Nest)

   It has a curse which improves the following skills: Elements: Fire Magic, Ice
   Magic, Air Magic and Earth Magic.
   Fortitude: Shields.
Magical Staves
 I - a staff of fire {!astaff}
   (You found it on level 3 of the Depths)
Jewellery
 p - the cursed amulet of Supernal Understanding (around neck) {rF++ Will+ Regen+ Int+4, Self, Comp}
   (You found it in a Gauntlet)

   [amulet of regeneration]

   Int:       It affects your intelligence (+4).
   rF:        It greatly protects you from fire.
   Regen:     It increases your rate of health regeneration.
   Will:      It increases your willpower.
   It has a curse which improves the following skills: Introspection: Fighting
   and Spellcasting.
   Companions: Summonings and Necromancy.
 A - the cursed ring "Seer of Ashenzari" (left hand) {rC+ MP+9 Int+3 Dex+3, Fort, Cun}
   (You found it in a Gauntlet)

   [ring of magical power]

   Int:       It affects your intelligence (+3).
   Dex:       It affects your dexterity (+3).
   rC:        It protects you from cold.
   MP:        It affects your magic capacity (+9).
   It has a curse which improves the following skills: Fortitude: Shields.
   Cunning:   Dodging and Stealth.
 W - a +6 ring of intelligence
   (You took it off a spriggan druid on level 3 of the Depths)
 X - the ring "Dimatif" (right hand) {rPois Will+ rCorr Str+2}
   (You found it on level 5 of the Vaults)

   [ring of resist corrosion]

   Str:       It affects your strength (+2).
   rPois:     It protects you from poison.
   rCorr:     It protects you from acid and corrosion.
   Will:      It increases your willpower.
Wands
 i - a wand of roots (56)
   (You took it off Ijyb on level 5 of the Dungeon)
 o - a wand of digging (16)
   (You found it on level 3 of the Dungeon)
 r - a wand of mindburst (8)
   (You found it on level 1 of the Vaults)
 D - a wand of flame (33)
   (You took it off Pikel on level 6 of the Dungeon)
 E - a wand of polymorph (3)
   (You found it on level 1 of the Vaults)
 L - a wand of charming (27)
   (You found it on level 10 of the Dungeon)
 V - a wand of light (8)
   (You found it on level 3 of the Vaults)
Scrolls
 b - 9 scrolls of magic mapping {!r}
 c - 11 scrolls of teleportation {@r4}
 e - 7 scrolls of fog
 j - 4 scrolls of blinking {!r}
 l - 7 scrolls of fear
 m - 3 scrolls of immolation {!r!r}
 q - 11 scrolls of vulnerability {!r!r}
 v - 8 scrolls of enchant armour
 y - a scroll of torment {!r}
 M - 3 scrolls of amnesia
 O - 5 scrolls of poison
 S - 4 scrolls of summoning
 T - 3 scrolls of silence {!r}
Potions
 a - 3 potions of magic
 d - 9 potions of attraction {!q}
 f - 8 potions of might
 h - 21 potions of curing {@q1}
 k - 9 potions of haste {@q3}
 n - 8 potions of heal wounds {@q2}
 s - 3 potions of cancellation
 t - 2 potions of berserk rage {!q}
 u - 3 potions of resistance
 w - 12 potions of lignification {!q}
 x - 7 potions of brilliance
 z - 10 potions of flight
 B - 6 potions of mutation {!q}
 J - 6 potions of invisibility
 K - 7 potions of ambrosia
Miscellaneous
 G - a box of beasts
   (You found it in a Gauntlet)
 Q - a phantom mirror
   (You found it on level 2 of the Spider Nest)
 U - a lightning rod (4/4)
   (You found it on level 4 of the Shoals)

Dungeon Overview and Level Annotations

Branches:
Dungeon (15/15)            Temple (0/1) D:7            Lair (5/5) D:8
 Shoals (4/4) Lair:2       Spider (4/4) Lair:3        Slime (0/5) Lair:5
    Orc (2/2) D:12            Elf (0/3) Orc:2        Vaults (5/5) D:14
  Crypt (0/3) Vaults:3     Depths (4/4) D:15            Zot (5/5) Depths:4
 Bailey (visited)         Volcano (visited)          WizLab (visited)
Desolation (visited)      Gauntlet (visited)

Altars:
Ashenzari
Cheibriados
Elyvilon
Fedhas
Hepliaklqana
Kikubaaqudgha
Makhleb
Qazlal
Ru
Sif Muna
Uskayaw
Vehumet
Xom
Yredelemnul
Zin
The Shining One
Jiyva

Shops:
D:4 (   D:6 [!   D:8 ?   D:11 *   Orc:1 *   Orc:2 (=*([   Shoals:1 [
Shoals:2 (   Shoals:4 [   Vaults:3 *   Vaults:4 =   Vaults:5 ?

Portals:
Hell: Depths:1 Depths:2 Depths:3 Depths:4
Abyss: Depths:3 Depths:4
Pandemonium: Depths:2
Ziggurat: Depths:1

Annotations:
D:4 3 runed translucent doors, snipermoke's ghost, amateur DgFi
D:14 3 runed translucent doors, Waicych's ghost, journeyman GrEE
D:15 Roxanne
Lair:3 3 runed translucent doors, aMcNicky's ghost, journeyman MeHu; senseless's ghost, journeyman OgTm
Lair:5 1 runed translucent door
Vaults:1 exclusion: orange crystal statue
Zot:3 1 transporter, Ahiemauce's ghost, veteran DrSu; Joddies's ghost, legendary TeRe
Zot:5 exclusion: upstairs

..##..........###...#..........#.
...#..........###...#............
...###....######....#...........#
...###....# #.....#............
..........# ##..####............
..........# ##.....##...ยง........
..........# #.......#....W.......
#.........###...........ยง....W...
#####...........@X......#.W......
#####..................#........
#.................^....#........
#.........#.......#....#........
#.........#####.###....#........
#.........# ### #....#####....
#.....โ€ ...# #....# #####
#.........# #....# #.........#
#....#


You could see an Orb Guardian.


Message History

The ynoxinul dies! ๐Ÿ˜• HP[-33]
You take 33 damage, and now have 213/246 hp.
You feel charge building up... Vatrinit engulfs you. Vatrinit drowns you!!
Your shadow wraith hits Vatrinit!! ๐Ÿ˜• HP[-20]
You take 20 damage, and now have 193/246 hp.
The electricity discharges through Vatrinit!!!!!
Vatrinit vaporises in an electric haze!
You kill Vatrinit! ๐Ÿ˜• HP[+1] MP[+1]
Your wraith disappears in a puff of smoke! ๐Ÿ˜• HP[+1]
You swap places.
Your wraith disappears in a puff of smoke!
Your shadow wraith disappears in a puff of smoke! ๐Ÿ˜• HP[+2]
You regained 2 hp, and now have 197/246 hp.
You swap places.
Your freezing wraith disappears in a puff of smoke!
Your wraith disappears in a puff of smoke! x2
Your phantasmal warrior disappears in a puff of smoke!
Your shadow wraith disappears in a puff of smoke!
A soul eater comes into view. ๐Ÿ˜• HP[+17] MP[+5]
You regained 17 hp, and now have 214/246 hp.
You regained 5 mp, and now have 42/57 mp.
(D) Dungeon (T) Temple (L) Lair (A) Shoals (N) Spider Nest (M) Slime Pits (O) Orcish Mines (E) Elven Halls (V) Vaults (C) Crypt (U) Depths (H) Hell (Z) Zot
Where to? (Enter - D:1 @ (x,y), ? - help)
A soul eater is nearby!
Unknown command. ๐Ÿ˜• HP[+1] ๐Ÿ˜• HP[+1] ๐Ÿ˜• HP[+2] MP[+1]
You regained 2 hp, and now have 218/246 hp. ๐Ÿ˜• HP[+1]
An Orb Guardian comes into view. ๐Ÿ˜• HP[+2]
You regained 2 hp, and now have 221/246 hp.
Casting: Maxwell's Capacitive Coupling (mildly dangerous; 1% risk of failure)
Confirm with . or Enter, or press ? or * to list all spells.
Aiming: Haunt (mildly dangerous; 4% risk of failure)
Press: ? - help, Dir - move target, f - soul eater
Aim: a soul eater Insubstantial figures form in the air. ๐Ÿ˜• HP[+1] MP[-6]
You lost 6 mp, and now have 37/57 mp.
Your shadow wraith hits the soul eater.
The soul eater hits your shadow wraith. ๐Ÿ˜• HP[+1]
Your wraith hits the soul eater but does no damage.
Your freezing wraith barely misses the soul eater.
Your freezing wraith closely misses the soul eater.
Your shadow wraith hits the soul eater but does no damage.
The soul eater barely misses your shadow wraith.
Your wraith hits the soul eater but does no damage. ๐Ÿ˜• HP[+2]
You regained 2 hp, and now have 225/246 hp.
Your wraith hits the soul eater!
Your wraith drains the soul eater's vigour!
The soul eater seems to slow down.
Your freezing wraith hits the soul eater.
Your freezing wraith freezes the soul eater!
The soul eater resists.
Your freezing wraith hits the soul eater!
Your shadow wraith hits the soul eater but does no damage.
The soul eater hits your shadow wraith but does no damage.
Your wraith hits the soul eater. ๐Ÿ˜• HP[+1] MP[+1]
Your wraith hits the soul eater but does no damage.
Your freezing wraith closely misses the soul eater.
Your freezing wraith hits the soul eater but does no damage.
Your wraith hits the soul eater but does no damage.
Your shadow wraith hits the soul eater!
Your shadow wraith drains the soul eater's vigour!
The soul eater seems to slow down. ๐Ÿ˜• HP[+2]
You regained 2 hp, and now have 228/246 hp.
The soul eater barely misses your wraith.
Your wraith hits the soul eater.
Your shadow wraith hits the soul eater!!
Your wraith hits the soul eater!
The soul eater dies! ๐Ÿ˜• HP[+1] ๐Ÿ˜• HP[+1] MP[+1] ๐Ÿ˜• HP[+2]
You regained 2 hp, and now have 232/246 hp. ๐Ÿ˜• HP[+1]
Your shadow wraith disappears in a puff of smoke! ๐Ÿ˜• HP[+2] MP[+1]
You regained 2 hp, and now have 235/246 hp.
The Orb Guardian attacks as you move away!
The Orb Guardian misses you.
The Orb Guardian hits you but does no damage.
There is a staircase leading out of the dungeon here. ๐Ÿ˜• HP[+1]
You block the Orb Guardian's attack.
You have escaped!

Skill      XL: |  1  2  3  4  5  6  7  8  9 10 11 12 13 14 15 16 17 18 19 20 21 22 23 24 25 |
---------------+----------------------------------------------------------------------------+-----
Conjurations   | 2 5 |  5.4
Spellcasting   | 3 4 5 8 11 13 14 17 18 | 18.4
Air Magic      | 4 5 6 8 13 15 16 18 19 21 | 21.6
Dodging        | 5 6 8 11 12 13 14 18 19 21 | 21.3
Fighting       | 5 7 10 11 12 16 17 20 21 | 21.4
Polearms       | 6 11 12 | 12.8
Ice Magic      | 5 |  5.1
Shields        | 7 |  7.3
Transmutations | 4 |  4.3
Hexes          | 6 8 |  8.0
Necromancy     | 7 8 |  8.6
Evocations     | 4 |  4.5
Summonings     | 5 11 12 | 12.7
Stealth        | |  1.7

Action                     |  1- 3 |  4- 6 |  7- 9 | 10-12 | 13-15 | 16-18 | 19-21 | 22-24 | 25-27 || total
---------------------------+-------+-------+-------+-------+-------+-------+-------+-------+-------++-------
  Melee: Unarmed           |     9 |       |       |       |       |       |       |       |       ||     9
         Falchion          |       |     2 |       |       |       |       |       |       |       ||     2
         Hand axe          |       |    13 |    44 |    11 |       |       |       |       |       ||    68
         Tailslap          |       |     2 |     5 |    78 |   224 |   269 |   452 |   429 |    15 ||  1474
         Punch             |       |       |     1 |     3 |       |       |       |       |       ||     4
         Lance             |       |       |       |   425 |  1145 |  1603 |  1892 |  1716 |    83 ||  6864
   Fire: Sling             |    34 |       |       |       |       |       |       |       |       ||    34
   Cast: Shock             |    59 |   111 |   115 |    98 |    31 |       |       |       |       ||   414
         Static Discharge  |     4 |     7 |    17 |     4 |       |       |       |       |       ||    32
         Airstrike         |       |       |    40 |   131 |   174 |   175 |    18 |     5 |       ||   543
         Freezing Cloud    |       |       |       |    10 |    86 |    74 |    36 |    32 |     1 ||   239
         Arcjolt           |       |       |       |       |     4 |    57 |    63 |    23 |       ||   147
         Maxwell's Capacit |       |       |       |       |       |    20 |    38 |    23 |     5 ||    86
         Animate Dead      |       |       |       |       |       |    13 |    11 |    13 |       ||    37
         Haunt             |       |       |       |       |       |     9 |    24 |    63 |    14 ||   110
         Blink             |       |       |       |       |       |       |     2 |       |       ||     2
         Irradiate         |       |       |       |       |       |       |     3 |    24 |       ||    27
         Yara's Violent Un |       |       |       |       |       |       |       |     5 |       ||     5
 Invoke: Curse Item        |       |     1 |     2 |     4 |     2 |     5 |       |       |       ||    14
         Shatter the Chain |       |       |       |     1 |     3 |     1 |       |     1 |       ||     6
Ability: Breathe Frost     |       |       |     4 |     1 |     1 |       |       |       |       ||     6
  Evoke: Wand              |       |       |     6 |     3 |     3 |       |     2 |     4 |       ||    18
         Box of beasts     |       |       |       |       |       |       |     1 |       |       ||     1
    Use: Potion            |     1 |     1 |       |       |       |     1 |       |     6 |     5 ||    14
         Scroll            |       |     3 |       |     1 |     6 |     7 |     5 |    13 |       ||    35
   Stab: Invisible         |       |       |     2 |     8 |       |       |     3 |       |       ||    13
         Sleeping          |       |       |       |     9 |    18 |    16 |    20 |     6 |       ||    69
         Distracted        |       |       |       |     1 |     1 |    13 |    21 |    36 |     2 ||    74
         Petrified         |       |       |       |       |     7 |       |       |       |       ||     7
         Confused          |       |       |       |       |       |       |       |     2 |       ||     2
 Armour: Skin              |    14 |     7 |    29 |   103 |   197 |   367 |   316 |   410 |    20 ||  1463
  Dodge: Dodged            |    33 |    23 |    53 |   331 |   568 |  1516 |  1237 |  1445 |    52 ||  5258
  Block: Buckler           |       |       |       |     3 |   235 |   523 |   464 |   497 |    20 ||  1742

Levels and vault maps discovered:
D:1:      dpeg_arrival_orchard, layout_basic, shapermc_ecumenical_altar_ellora
D:2:      layout_rooms, basic_altar, serial_bayou, serial_bayou_shore_a,
          serial_bayou_shore_b, serial_bayou_shore_b, serial_bayou_pond_b
D:3:      minmay_bubble_buster, layout_loops_ring, saegor_snake_ambush,
          uniq_jessica, uniq_terence
D:4:      layout_rooms, overflow_temple_1_default, gammafunk_ghost_necromancy,
          serial_shops, shop_fountains, minmay_manual_mail, uniq_grinder
D:5:      layout_layer_cave, gammafunk_temple_overflow_statue,
          kennysheep_doodads, uniq_ijyb
D:6:      layout_cave_pools, serial_shops, shop, shop, st_stairs_7, uniq_pikel,
          uniq_menkaure
D:7:      layout_loops_ring, nicolae_hepliaklqana_hippocampus,
          minmay_temple_entry_drinking_statues, uniq_duvessa
D:8:      layout_basic, mainiacjoe_overflow_chevrons,
          fedhas_bush_and_centaur_altar, nicolae_sif_muna_condensation,
          vehumet_statue, mainiacjoe_overflow_alcove_1, minmay_lair_entry_grove,
          serial_shops, shop_statue, uniq_maggie
D:9:      layout_irregular_city
D:10:     cheibrodos_barr_body, layout_basic, lemuel_doored_altar,
          enter_bailey_2, dreamdust_gnoll_shepherd, uniq_erica, uniq_nergalle,
          uniq_joseph, uniq_harold
D:11:     layout_basic, trove_entry_hex_spiral, serial_shops,
          nicolae_stop_n_shop_2, gauntlet_entry_generic,
          nicolae_xom_altar_mimics, uniq_snorg
D:12:     layout_gridville, david_orc_4, uniq_urug, uniq_josephine
D:13:     lemuel_ogre_cave, layout_irregular_city, uniq_erolcha
D:14:     layout_cave_pools, lightli_vaults_fourway_checkpoint,
          ebering_ghost_rock_garden, serial_co_window_serial, co_window_paths_b,
          co_window_corner_a, co_window_corner_a, co_window_paths_a,
          co_window_corner_a, co_window_corner_a, co_window_paths_b,
          co_window_unsneaky_path_e, co_window_broadway_c, co_window_cross_3,
          co_window_2corner, co_window_cross_2, co_window_corner_b,
          glass_columns_a, glass_columns_b, glass_columns_b, glass_columns_c,
          lemuel_zombie_altar_kikubaaqudgha, uniq_frances
D:15:     gammafunk_depths_entry_grave, layout_irregular_city,
          chequers_arboretum, uniq_roxanne
Lair:1:   layout_cave_pods, st_stairs_4, uniq_grum, uniq_fannar
Lair:2:   layout_regular_city, elwin_shoals_entry_rocks, beast_lair_carwin_2
Lair:3:   layout_layer_cave, nicolae_spider_entry_lesser_pyramids,
          gammafunk_ghost_cemetery, serial_bayou_ford_a
Lair:4:   statuecave_lemuel, layout_gridlike, dreamdust_mushroom_princess,
          lemuel_fruit_tree, infiniplex_staircase_pool, grunt_megastairs_2
Lair:5:   grunt_lair_end_beastmaster, layout_regular_city, slime_entry_2,
          chequers_serial_rivers_room_b, st_stairs_5
Shoals:1: cheibrodos_shoals_baths, layout_shoals, serial_shops,
          nicolae_shop_pleasant_corner_grove, nicolae_shoals_square_sea_wall
Shoals:2: layout_shoals, serial_shops, nicolae_shop_bloodbath_and_beyond,
          nicolae_shoals_lost_giant_baths, nicolae_shoals_shepherds
Shoals:3: layout_shoals, nicolae_shoals_kraken_intersection
Shoals:4: shoals_end_grunt_ice, layout_shoals, shoals_ilsuiw_ice, serial_shops,
          nicolae_shop_real_fake_doors, nicolae_shoals_nautilus_by_nature
Spider:1: layout_spider_delve, guppyfry_spider_mini_3
Spider:2: layout_spider_delve, nicolae_spider_orb_run,
          hangedman_spider_tarantella_strand
Spider:3: layout_spider_delve
Spider:4: grunt_spider_rune_circles, hellmonk_test_site
Orc:1:    layout_caves, enter_volcano_2, minmay_shop_mayhem, rock_pile
Orc:2:    grunt_orc_gardens, layout_caves, grunt_orc_garden, grunt_orc_garden,
          grunt_orc_garden, grunt_orc_garden, serial_shops,
          nicolae_shop_advertising_works [nicolae_subvault_shop_adworks],
          uniq_nessos
Vaults:1: nicolae_vaults_trapezoid_layered, nicolae_vaults_little_squares_5,
          nicolae_vaults_tetromino_T_1, nicolae_vaults_statue_guard,
          grunt_vaults_funnel, nicolae_vaults_closet_pinwheel_5,
          vaults_room_pool, vaults_standard_mumra_lines,
          nicolae_vaults_twisting_passages, nicolae_vaults_puzzle_piece,
          nicolae_vaults_six-pack, nicolae_vaults_tetromino_L_2,
          layout_vaults_omnicross
Vaults:2: portal_desolation_entry_holy_temple, nicolae_vaults_network_barrier,
          nicolae_vaults_branching_niches, vaults_room_hallway, v_misc_4,
          grunt_vaults_diagonal, hangedman_vaults_capsules, v_misc_3,
          nicolae_vaults_layer_cake_slice, vaults_room_octagon, v_misc_31,
          nicolae_vaults_tetromino_L_1, nicolae_vaults_stairing_the_circle,
          nicolae_vaults_octothorpe, layout_vaults_maze_bifur, uniq_margery
Vaults:3: mu_enter_wizlab_3, v_rooms_6, vaults_room_fours,
          minmay_crypt_entry_simple_walls, nicolae_vaults_turnstiles,
          nicolae_vaults_shelves_hall, vaults_dpeg_emergency_exit,
          layout_vaults_omnigrid, serial_shops, shop, uniq_asterion
Vaults:4: nicolae_vaults_security_offices_4, vaults_dpeg_cross,
          grunt_vaults_trifunnel, hangedman_vaults_hat, dpeg_vaults_monster_box,
          v_misc_10, v_misc_16, hangedman_vaults_maws, v_rooms_1, v_misc_22,
          v_alt_pattern_1, nicolae_vaults_little_squares_1, layout_vaults_ring,
          serial_shops, nicolae_shop_waterfront, uniq_donald
Vaults:5: serial_shops, uniq_mara
Depths:1: layout_cave_pools, enter_ziggurat_d, dk_noncrumbling_3, hellmouth_3,
          statue_in_the_mist_lemuel, slow_altar_1
Depths:2: minmay_guarded_unrand_majin_bo, layout_gridlike, grunt_metal_band,
          pan_entry, infiniplex_staircase_star
Depths:3: nicolae_terramorphic_expanse [nicolae_terramorphic_quarter,
          nicolae_terramorphic_quarter, nicolae_terramorphic_quarter,
          nicolae_terramorphic_quarter, nicolae_terramorphic_quarter,
          nicolae_terramorphic_biome, nicolae_terramorphic_biome,
          nicolae_terramorphic_biome, nicolae_terramorphic_biome], layout_basic,
          kennysheep_nondescript, special_room [special_room_jelly],
          abyss_entry, hell_entry, infiniplex_staircase_diamond, uniq_jory,
          uniq_mennas
Depths:4: grunt_zot_entry_funnels, layout_basic, minmay_misc_feat_room,
          abyss_entry_glasseish, hell_entry, grunt_megastairs_5
Zot:1:    layout_onion, hangedman_zot_decor_tridents
Zot:2:    layout_onion_interference
Zot:3:    layout_onion_interference, nzn_ghost_randoct, grunt_megastairs_4
Zot:4:    layout_misc_corridors, st_small_dragon_hoard_4
Zot:5:    layout_gridlike

Notes
Turn   | Place    | Note
-------+----------+-------------------------------------------
     0 | D:1      | MackTheKnife the Draconian Air Elementalist began the quest
                  | for the Orb.
     0 | D:1      | Reached XP level 1. HP: 14/14 MP: 3/3
     0 | D:1      | magus.rc [v1.9.6]
   188 | D:1      | Reached XP level 2. HP: 13/20 MP: 0/5
   633 | D:1      | Learned a level 2 spell: Static Discharge
   807 | D:1      | Reached XP level 3. HP: 26/26 MP: 1/6
   862 | D:1      | You add the spells Gell's Gravitas, Teleport Other and
                  | Dispersal to your library.
   906 | D:1      | Found a faded altar of an unknown god.
  1206 | D:2      | Reached skill level 2 in Conjurations
  1256 | D:2      | You fall into a shaft and drop 1 floor!
  1342 | D:3      | You pick up a book of Burglary and begin reading...
  1342 | D:3      | You add the spells Passwall and Ensorcelled Hibernation to
                  | your library.
  1458 | D:3      | HP: 6/26 [adder (1)]
  1459 | D:3      | HP: 2/26 [poisoned by an adder]
  1608 | D:3      | Noticed Jessica
  1663 | D:2      | Found a broken altar of Ashenzari.
  1677 | D:2      | Reached XP level 4. HP: 33/33 MP: 6/8
  1692 | D:2      | Became a worshipper of Ashenzari the Shackled
  1831 | D:2      | You pick up a book of Cantrips and begin reading...
  1831 | D:2      | You add the spells Necrotise, Summon Small Mammal and
                  | Apportation to your library.
  2467 | D:2      | Learned a level 4 spell: Airstrike
  2487 | D:3      | Killed Jessica
  2488 | D:3      | Reached skill level 3 in Spellcasting
  2488 | D:3      | Reached skill level 4 in Air Magic
  2560 | D:3      | You pick up a book of Cantrips and begin reading...
  2887 | D:3      | Noticed Terence
  2894 | D:3      | Killed Terence
  2895 | D:3      | Reached XP level 5. HP: 34/38 MP: 4/10
  3264 | D:3      | Identified the +9 hand axe "Pihuuply" {holy, rC+ rN+ Str-4}
  3378 | D:4      | Noticed an ogre
  3386 | D:4      | Killed an ogre
  3387 | D:4      | Reached skill level 4 in Spellcasting
  3387 | D:4      | Reached skill level 5 in Air Magic
  3387 | D:4      | Reached XP level 6. HP: 27/45 MP: 3/12
  3466 | D:4      | Noticed Grinder
  3610 | D:4      | Found a burning altar of Makhleb.
  3617 | D:4      | Found Iczuilox's Antique Weapon Shop.
  3646 | D:4      | Paralysed by Grinder for 3 turns
  3650 | D:4      | Killed Grinder
  3651 | D:4      | Reached skill level 5 in Spellcasting
  3651 | D:4      | Reached skill level 6 in Air Magic
  3651 | D:4      | Your scales start taking on an icy white colour.
  3651 | D:4      | Reached XP level 7. HP: 33/50 MP: 13/15
  3651 | D:4      | Gained mutation: Your flesh is cold resistant. (rC+) [White
                  | Draconian growth]
  3791 | D:4      | Identified the +0 robe of Cajauj {*Slow Fly rC+ MP+9 Str+3}
  3807 | D:4      | You add the spells Vhi's Electric Charge, Arcjolt and
                  | Maxwell's Capacitive Coupling to your library.
  3912 | D:4      | Found a runed translucent gate.
  3913 | D:4      | Found a runed translucent gate.
  3914 | D:4      | Found a runed translucent gate.
  4059 | D:4      | Noticed snipermoke's ghost (amateur DgFi)
  4209 | D:5      | Entered Level 5 of the Dungeon
  4317 | D:5      | Reached * piety under Ashenzari
  4334 | D:5      | Reached skill level 7 in Air Magic
  4356 | D:5      | Noticed Ijyb
  4359 | D:5      | Killed Ijyb
  4477 | D:5      | Found an ancient bone altar of Kikubaaqudgha.
  4477 | D:5      | Found a hide-covered altar of Uskayaw.
  4963 | D:5      | Reached skill level 8 in Air Magic
  4963 | D:5      | Reached XP level 8. HP: 57/57 MP: 13/17
  5425 | D:6      | Reached skill level 9 in Air Magic
  5486 | D:6      | Identified the +4 spear of the Unliving {antimagic, rElec
                  | rPois}
  5559 | D:6      | Noticed Menkaure
  5561 | D:6      | Killed Menkaure
  5562 | D:6      | Reached skill level 10 in Air Magic
  5567 | D:6      | Reached skill level 11 in Air Magic
  5608 | D:6      | Found Buvvebri's Antique Armour Shop.
  5617 | D:6      | Bought a pair of glowing gloves for 195 gold pieces
  5660 | D:6      | Found Zixzas's Distillery.
  5664 | D:6      | Bought a potion of curing for 33 gold pieces
  5664 | D:6      | Bought a potion of curing for 33 gold pieces
  5664 | D:6      | Bought a potion of curing for 33 gold pieces
  5731 | D:6      | Reached skill level 12 in Air Magic
  5751 | D:6      | Noticed Pikel
  5755 | D:6      | Killed Pikel
  5756 | D:6      | Reached skill level 13 in Air Magic
  5756 | D:6      | Reached XP level 9. HP: 62/62 MP: 3/18
  5922 | D:6      | Reached skill level 2 in Dodging
  5925 | D:6      | Reached skill level 1 in Fighting
  5931 | D:6      | Reached skill level 2 in Fighting
  5992 | D:6      | Reached ** piety under Ashenzari
  6139 | D:7      | Reached skill level 3 in Dodging
  6200 | D:7      | Identified Quixuas's Octavo of Red Wounds
  6208 | D:7      | You add the spells Inner Flame, Fulminant Prism, Freezing
                  | Cloud and Orb of Destruction to your library.
  6305 | D:7      | Reached skill level 3 in Fighting
  6406 | D:7      | Found a hazy altar of Hepliaklqana.
  6444 | D:7      | Noticed Duvessa
  6444 | D:7      | Noticed Dowan
  6457 | D:7      | Killed Dowan
  6465 | D:7      | Reached skill level 4 in Fighting
  6465 | D:7      | Reached skill level 4 in Dodging
  6465 | D:7      | Killed Duvessa
  6775 | D:7      | Reached skill level 5 in Fighting
  6784 | D:7      | Found a staircase to the Ecumenical Temple.
  7039 | D:8      | Found a shimmering blue altar of Sif Muna.
  7064 | D:8      | Found Zuhew's Magic Scroll Shop.
  7322 | D:8      | Reached skill level 5 in Dodging
  7477 | D:8      | Found a radiant altar of Vehumet.
  7555 | D:8      | Found a blossoming altar of Fedhas.
  7567 | D:8      | Reached XP level 10. HP: 81/86 MP: 19/21
  7654 | D:8      | Found a sacrificial altar of Ru.
  7674 | D:8      | Reached skill level 6 in Fighting
  7769 | D:8      | Reached *** piety under Ashenzari
  7899 | D:8      | Reached skill level 6 in Dodging
  7907 | D:8      | Reached skill level 7 in Fighting
  8038 | D:8      | Found a staircase to the Lair.
  8050 | D:8      | Noticed Maggie
  8050 | D:8      | Maggie the Vainglorious comes into view. She is wielding
                  | the +9 lance "Wyrmbane" {slay drac, rPois rF+ rC+ AC+3}.
  8051 | D:8      | Aim: Maggie, wielding the +9 lance "Wyrmbane" {slay drac,
                  | rPois rF+ rC+ AC+3} and wearing +0 steam dragon scales
                  | (wandering, hasn't noticed you, empty space bonus: 7/8)
  8051 | D:8      | Aim: Maggie, wielding the +9 lance "Wyrmbane" {slay drac,
                  | rPois rF+ rC+ AC+3} and wearing +0 steam dragon scales
                  | (wandering, hasn't noticed you, empty space bonus: 7/8)
  8052 | D:8      | Aim: Maggie, wielding the +9 lance "Wyrmbane" {slay drac,
                  | rPois rF+ rC+ AC+3} and wearing +0 steam dragon scales
                  | (moderately wounded, empty space bonus: 7/8)
  8052 | D:8      | Aim: Maggie, wielding the +9 lance "Wyrmbane" {slay drac,
                  | rPois rF+ rC+ AC+3} and wearing +0 steam dragon scales
                  | (moderately wounded, empty space bonus: 7/8)
  8053 | D:8      | Aim: Maggie, wielding the +9 lance "Wyrmbane" {slay drac,
                  | rPois rF+ rC+ AC+3} and wearing +0 steam dragon scales
                  | (heavily wounded, empty space bonus: 7/8)
  8053 | D:8      | Aim: Maggie, wielding the +9 lance "Wyrmbane" {slay drac,
                  | rPois rF+ rC+ AC+3} and wearing +0 steam dragon scales
                  | (heavily wounded, empty space bonus: 7/8)
  8054 | D:8      | Aim: Maggie, wielding the +9 lance "Wyrmbane" {slay drac,
                  | rPois rF+ rC+ AC+3} and wearing +0 steam dragon scales
                  | (almost dead, empty space bonus: 6/8)
  8054 | D:8      | Aim: Maggie, wielding the +9 lance "Wyrmbane" {slay drac,
                  | rPois rF+ rC+ AC+3} and wearing +0 steam dragon scales
                  | (almost dead, empty space bonus: 6/8)
  8054 | D:8      | Killed Maggie
  8083 | D:8      | Reached skill level 1 in Polearms
  8216 | D:8      | Reached skill level 2 in Polearms
  8254 | D:8      | Reached skill level 3 in Polearms
  8269 | D:8      | Found a basalt altar of Yredelemnul.
  8627 | D:9      | Reached skill level 4 in Polearms
  8693 | D:9      | Reached skill level 5 in Polearms
  8818 | D:9      | Aim: a kobold, wielding a +0 club (about 31% to evade the
                  | +9 lance "Wyrmbane")
  8818 | D:9      | Aim: a kobold, wielding a +0 club (about 31% to evade the
                  | +9 lance "Wyrmbane")
  8818 | D:9      | Aim: a kobold brigand, wielding a +0 dagger and quivering
                  | curare-tipped darts (moderately wounded, about 31% to evade
                  | the +9 lance "Wyrmbane")
  8838 | D:9      | Reached skill level 6 in Polearms
  8856 | D:9      | Reached XP level 11. HP: 97/97 MP: 8/22
  8958 | D:9      | Reached skill level 7 in Polearms
  9670 | D:10     | Entered Level 10 of the Dungeon
  9675 | D:10     | Noticed a two-headed ogre
  9683 | D:10     | Killed a two-headed ogre
  9684 | D:10     | Reached skill level 8 in Polearms
  9698 | D:10     | Noticed Harold
  9717 | D:10     | Killed Harold
  9730 | D:10     | Reached skill level 9 in Polearms
  9797 | D:10     | Found a flagged portal.
  9797 | D:10     | Noticed Erica
  9797 | D:10     | Noticed Nergalle
  9800 | D:10     | Noticed a spectral orc warlord
  9802 | D:10     | Killed Nergalle
  9803 | D:10     | Reached skill level 10 in Polearms
  9808 | D:10     | Killed Erica
  9842 | Bailey   | Entered a bailey
 10054 | Bailey   | Aim: an orc warrior zombie, wielding a +0 trident (severely
                  | damaged, about 20% to evade the +9 lance "Wyrmbane")
 10054 | Bailey   | Aim: an orc warrior zombie, wielding a +0 trident (severely
                  | damaged, about 20% to evade the +9 lance "Wyrmbane")
 10055 | Bailey   | Aim: an orc warrior zombie, wielding a +0 trident (severely
                  | damaged, about 20% to evade the +9 lance "Wyrmbane")
 10055 | Bailey   | Aim: an orc warrior zombie, wielding a +0 trident (severely
                  | damaged, about 20% to evade the +9 lance "Wyrmbane")
 10056 | Bailey   | Aim: an orc zombie, wielding a +0 spear (about 14% to evade
                  | the +9 lance "Wyrmbane")
 10056 | Bailey   | Aim: an orc zombie, wielding a +0 spear (about 14% to evade
                  | the +9 lance "Wyrmbane")
 10267 | Bailey   | Reached skill level 11 in Polearms
 10354 | Bailey   | Identified the +4 scale mail of Hide-and-Seek {Str+6}
 10357 | Bailey   | Identified the +0 scale mail "Othryatwu" {Stlth+}
 10455 | D:10     | Noticed Joseph
 10461 | D:10     | Killed Joseph
 10551 | D:10     | Found a stormy altar of Qazlal.
 10938 | D:10     | Noticed a two-headed ogre
 10966 | D:10     | Killed a two-headed ogre
 10967 | D:10     | Reached XP level 12. HP: 94/110 MP: 11/25
 11036 | D:10     | Noticed a two-headed ogre
 11036 | D:10     | Noticed a centaur warrior
 11046 | D:10     | Killed a two-headed ogre
 11047 | D:10     | Reached skill level 12 in Polearms
 11050 | D:10     | Killed a centaur warrior
 11217 | D:10     | You pick up a book of Conjurations {@e2} and begin
                  | reading...
 11217 | D:10     | You add the spells Magic Dart and Searing Ray to your
                  | library.
 11330 | D:10     | Learned a level 5 spell: Freezing Cloud
 11391 | Lair:1   | Entered Level 1 of the Lair of Beasts
 11392 | Lair:1   | magus.rc [v1.9.6]
 11406 | Lair:1   | Reached skill level 1 in Ice Magic
 11431 | Lair:1   | Noticed Fannar
 11436 | Lair:1   | Killed Fannar
 11437 | Lair:1   | Reached skill level 3 in Conjurations
 11437 | Lair:1   | Reached skill level 2 in Ice Magic
 11718 | Lair:1   | Reached skill level 3 in Ice Magic
 11763 | Lair:1   | Noticed Grum
 11769 | Lair:1   | Reached skill level 4 in Conjurations
 11795 | Lair:1   | Killed Grum
 11849 | Lair:1   | Reached skill level 4 in Ice Magic
 11875 | Lair:1   | Noticed a four-headed hydra
 11880 | Lair:1   | Killed a four-headed hydra
 11902 | Lair:1   | Reached skill level 5 in Conjurations
 11909 | Lair:1   | Reached skill level 5 in Ice Magic
 12464 | Lair:2   | Reached **** piety under Ashenzari
 12489 | Lair:2   | Reached skill level 1 in Shields
 12493 | Lair:2   | Reached skill level 2 in Shields
 12499 | Lair:2   | Reached skill level 3 in Shields
 12550 | Lair:2   | Noticed a six-headed hydra
 12553 | Lair:2   | Killed a six-headed hydra
 12554 | Lair:2   | Reached skill level 4 in Shields
 12619 | Lair:2   | Reached skill level 5 in Shields
 12666 | Lair:2   | Noticed a death yak
 12668 | Lair:2   | Noticed a death yak
 12669 | Lair:2   | Noticed a death yak
 12670 | Lair:2   | Noticed a death yak
 12671 | Lair:2   | Killed a death yak
 12672 | Lair:2   | Reached skill level 6 in Shields
 12672 | Lair:2   | Noticed a death yak
 12684 | Lair:2   | Noticed a death yak
 12688 | Lair:2   | Killed a death yak
 12691 | Lair:2   | Killed a death yak
 12693 | Lair:2   | Killed a death yak
 12694 | Lair:2   | Reached skill level 7 in Shields
 12694 | Lair:2   | Reached XP level 13. HP: 97/117 MP: 4/27
 12816 | Lair:2   | Identified the +3 cloak of Weirdness {Rampage rN++ Int+4
                  | Stlth+}
 12960 | Lair:2   | Found a staircase to the Shoals.
 13261 | Lair:2   | Reached skill level 8 in Fighting
 13261 | Lair:2   | Reached skill level 7 in Dodging
 13820 | Lair:3   | Found a hole to the Spider Nest.
 13955 | Lair:3   | Found a runed translucent gate.
 13955 | Lair:3   | Found a runed translucent gate.
 13955 | Lair:3   | Found a runed translucent gate.
 13959 | Lair:3   | Noticed aMcNicky's ghost (journeyman MeHu)
 13959 | Lair:3   | Noticed senseless's ghost (journeyman OgTm)
 14150 | Lair:3   | Reached skill level 9 in Fighting
 14485 | Lair:3   | Reached skill level 8 in Dodging
 14497 | Lair:3   | Reached skill level 10 in Fighting
 14640 | Lair:3   | Reached skill level 6 in Spellcasting
 14646 | Lair:3   | Learned a level 5 spell: Arcjolt
 14655 | Lair:3   | Identified the +2 scale mail of Ongecity {*Slow rElec rPois
                  | rC+}
 15143 | Lair:4   | Reached skill level 7 in Spellcasting
 15507 | Lair:4   | Reached skill level 8 in Spellcasting
 15961 | Lair:5   | Entered Level 5 of the Lair of Beasts
 15977 | Lair:5   | Reached XP level 14. HP: 133/133 MP: 3/30
 16079 | Lair:5   | Reached skill level 9 in Spellcasting
 16249 | Lair:5   | Found a runed translucent door.
 16251 | Lair:5   | Found a viscous altar of Jiyva.
 16417 | Lair:5   | Found a staircase to the Slime Pits.
 16740 | Lair:5   | Reached skill level 10 in Spellcasting
 16910 | Lair:5   | HP: 22/133 [death yak (13)]
 17283 | Lair:5   | Reached skill level 11 in Spellcasting
 17507 | Lair:5   | Reached skill level 9 in Dodging
 17818 | D:11     | Found Jahid's Assorted Antiques.
 17818 | D:11     | Found a shimmering altar of Xom.
 17818 | D:11     | Found a shimmering altar of Xom.
 17829 | D:11     | Found a shimmering altar of Xom.
 17829 | D:11     | Found a shimmering altar of Xom.
 17829 | D:11     | Found a shimmering altar of Xom.
 17870 | D:11     | Found a gate leading to a gauntlet.
 17870 | D:11     | Noticed Snorg
 17876 | D:11     | Killed Snorg
 17889 | Gauntlet | Entered a Gauntlet
 17889 | Gauntlet | Found a transporter.
 17889 | Gauntlet | Found a transporter.
 17913 | Gauntlet | Found a transporter.
 17928 | Gauntlet | Found a transporter.
 17930 | Gauntlet | Found a large runed translucent door.
 17930 | Gauntlet | Found a large runed translucent door.
 17931 | Gauntlet | Found a large runed translucent door.
 17931 | Gauntlet | Found a large runed translucent door.
 17932 | Gauntlet | Found a runed translucent door.
 17932 | Gauntlet | Found a large runed translucent door.
 17932 | Gauntlet | Found a large runed translucent door.
 17932 | Gauntlet | Found a runed translucent door.
 17932 | Gauntlet | Found a large runed translucent door.
 17932 | Gauntlet | Found a large runed translucent door.
 17933 | Gauntlet | Found a large runed translucent door.
 17933 | Gauntlet | Found a large runed translucent door.
 17936 | Gauntlet | Found a large runed translucent door.
 17936 | Gauntlet | Found a large runed translucent door.
 17937 | Gauntlet | Found a large runed translucent door.
 17937 | Gauntlet | Found a large runed translucent door.
 17937 | Gauntlet | Found a large runed translucent door.
 17937 | Gauntlet | Found a large runed translucent door.
 17940 | Gauntlet | Found a runed translucent gate.
 17940 | Gauntlet | Found a runed translucent gate.
 17940 | Gauntlet | Found a runed translucent gate.
 17942 | Gauntlet | Found a transporter.
 17955 | Gauntlet | Found a transporter.
 17957 | Gauntlet | Identified +1 pearl dragon scales
 17973 | Gauntlet | Found a transporter.
 18040 | Gauntlet | Found a transporter.
 18044 | Gauntlet | Found a transporter.
 18048 | Gauntlet | Identified the amulet of Anarchy {rF++ Will+ Regen+ Int+4}
 18050 | Gauntlet | Found a transporter.
 18057 | Gauntlet | Identified the ring of Aloaxki {rC+ MP+9 Int+3 Dex+3}
 18059 | Gauntlet | Found a transporter.
 18064 | Gauntlet | Found a transporter.
 18067 | Gauntlet | Found a transporter.
 18070 | Gauntlet | Found a transporter.
 18137 | Gauntlet | Found a transporter.
 18155 | Gauntlet | Found a transporter.
 18165 | Gauntlet | Identified the +0 helmet of the Gate {*Corrode Will+ Dex+7}
 18413 | Gauntlet | Reached skill level 10 in Dodging
 18765 | Gauntlet | Found the +3 Mad Mage's Maulers {Infuse+โˆž VampMP -Cast}
 18770 | Gauntlet | You add the spells Ignite Poison, Sticky Flame and Ignition
                  | to your library.
 18813 | D:11     | You pick up a book of Dangerous Friends and begin
                  | reading...
 18813 | D:11     | You add the spells Summon Guardian Golem and Spellforged
                  | Servitor to your library.
 18984 | D:11     | You pick up a book of Rime and begin reading...
 18984 | D:11     | You add the spells Frozen Ramparts, Ice Form and Summon Ice
                  | Beast to your library.
 19333 | D:11     | Found a shimmering altar of Xom.
 19336 | D:11     | Found a shimmering altar of Xom.
 19533 | D:11     | Found a portal to a secret trove of treasure.
 19536 | D:11     | This trove needs 7 scrolls of fear to function. Give it the
                  | items?
 19538 | D:11     | This trove needs 7 scrolls of fear to function. Give it the
                  | items?
 19538 | D:11     | You paid a toll of 7 scrolls of fear to enter a treasure
                  | trove
 19539 | Trove    | Entered a treasure trove
 19541 | Trove    | Identified the +7 demon trident of Nemelex Xobeh's Favour
                  | {vamp, rF- Will+++ Dex-4 Stlth+}
 19541 | Trove    | Identified the +5 demon trident of Watchfulness {freeze,
                  | Str+4 SInv}
 19541 | Trove    | Found the +5 Lochaber axe {reach-cleave, Poleaxe Drain}
 19542 | Trove    | Identified the +0 trident of the Forsaken Youths {protect,
                  | rElec rC+ Int+2}
 19542 | Trove    | Identified the +9 double sword "Omuaps" {antimagic, rElec
                  | rF+ Dex+3}
 19784 | D:11     | Reached skill level 11 in Dodging
 19885 | D:12     | Identified the +0 robe of Okawaru's Castigation {*Slow
                  | Will+ Stlth+}
 20104 | D:12     | Noticed Urug
 20107 | D:12     | Aim: a tengu warrior, wielding a +0 dire flail and wearing
                  | a +0 leather armour (severely wounded, about 36% to evade
                  | the +9 lance "Wyrmbane")
 20107 | D:12     | Aim: a tengu warrior, wielding a +0 dire flail and wearing
                  | a +0 leather armour (severely wounded, about 36% to evade
                  | the +9 lance "Wyrmbane")
 20108 | D:12     | Aim: a tengu warrior, wielding a +0 dire flail and wearing
                  | a +0 leather armour (severely wounded, about 36% to evade
                  | the +9 lance "Wyrmbane")
 20108 | D:12     | Aim: a tengu warrior, wielding a +0 dire flail and wearing
                  | a +0 leather armour (severely wounded, about 36% to evade
                  | the +9 lance "Wyrmbane")
 20109 | D:12     | Aim: a tengu warrior, wielding a +0 dire flail and wearing
                  | a +0 leather armour (almost dead, about 36% to evade the +9
                  | lance "Wyrmbane")
 20109 | D:12     | Aim: a tengu warrior, wielding a +0 dire flail and wearing
                  | a +0 leather armour (almost dead, about 36% to evade the +9
                  | lance "Wyrmbane")
 20128 | D:12     | Killed Urug
 20274 | D:12     | Noticed Josephine
 20279 | D:12     | Killed Josephine
 20280 | D:12     | Reached XP level 15. HP: 133/133 MP: 10/32
 20473 | D:12     | Found a staircase to the Orcish Mines.
 20476 | D:12     | You pick up a book of Air and begin reading...
 20625 | D:12     | Reached skill level 12 in Dodging
 20693 | D:12     | You pick up a book of Minor Magic and begin reading...
 20693 | D:12     | You add the spells Call Imp and Mephitic Cloud to your
                  | library.
 20909 | Orc:1    | Entered Level 1 of the Orcish Mines
 20932 | Orc:1    | Found a dark tunnel.
 20940 | Volcano  | Entered a volcano
 21409 | Orc:1    | Found Lepalo's Mayhem Merchandise.
 21897 | D:8      | Bought 2 scrolls of acquirement for 1248 gold pieces
 21897 | D:8      | Acquired 624 gold pieces
 21901 | D:8      | Acquired the +4 hat "Rothyag" {Drain rElec Str+4 SInv}
 22058 | Orc:2    | Entered Level 2 of the Orcish Mines
 22372 | Orc:2    | Found Itwiedell's Antique Armour Boutique.
 22395 | Orc:2    | Found Garphux's Antique Weapon Shoppe.
 22471 | Orc:2    | Found Qisewaas's Jewellery Boutique.
 22482 | Orc:2    | Found a staircase to the Elven Halls.
 22500 | Orc:2    | Noticed Nessos
 22509 | Orc:2    | Reached skill level 11 in Fighting
 22526 | Orc:2    | Killed Nessos
 22686 | Orc:2    | Found Vyficox's General Store.
 22823 | Orc:2    | Bought a scroll of teleportation for 45 gold pieces
 22953 | Orc:2    | Found Atoydwur's Weapon Boutique.
 23214 | D:12     | magus.rc [v1.9.6]
 23257 | D:13     | You add the spells Tukima's Dance, Passage of Golubria and
                  | Yara's Violent Unravelling to your library.
 23279 | D:13     | Learned a level 5 spell: Yara's Violent Unravelling
 23331 | D:13     | Reached skill level 1 in Transmutations
 23435 | D:13     | Reached skill level 1 in Hexes
 23560 | D:13     | Reached skill level 2 in Transmutations
 23626 | D:13     | Reached skill level 2 in Hexes
 24112 | D:13     | Noticed Erolcha
 24115 | D:13     | Reached skill level 3 in Transmutations
 24117 | D:13     | Killed Erolcha
 24119 | D:13     | Reached skill level 3 in Hexes
 24344 | D:14     | Noticed Frances
 24351 | D:14     | Gained mutation: You are frail. (-10% HP) [a neqoxec]
 24356 | D:14     | Killed Frances
 24357 | D:14     | Reached skill level 4 in Transmutations
 24561 | D:14     | Found a runed translucent gate.
 24562 | D:14     | Found a runed translucent gate.
 24563 | D:14     | Found a runed translucent gate.
 24571 | D:14     | You pick up a book of Death and begin reading...
 24571 | D:14     | You add the spells Animate Dead, Haunt and Infestation to
                  | your library.
 24602 | D:14     | Reached skill level 4 in Hexes
 24703 | D:14     | Found a gate to the Vaults.
 24718 | D:14     | Reached skill level 5 in Hexes
 24744 | D:14     | HP: 28/123 [catoblepas (4)]
 24752 | D:15     | Entered Level 15 of the Dungeon
 24900 | D:14     | Noticed Waicych's ghost (journeyman GrEE)
 24900 | D:14     | Found the amulet of Vitality {RegenMP++ Regen++}
 24952 | D:14     | Reached skill level 6 in Hexes
 25281 | D:14     | Reached XP level 16. HP: 130/130 MP: 32/33
 25401 | D:14     | Found an ancient bone altar of Kikubaaqudgha.
 25824 | D:15     | Reached skill level 7 in Hexes
 26274 | D:15     | Found a staircase to the Depths.
 26291 | D:15     | Reached skill level 8 in Hexes
 26537 | D:15     | Learned a level 8 spell: Maxwell's Capacitive Coupling
 26559 | D:15     | Reached skill level 14 in Air Magic
 26786 | D:15     | Noticed Roxanne
 27353 | Spider:1 | Entered Level 1 of the Spider Nest
 27819 | Spider:1 | Reached skill level 12 in Spellcasting
 28053 | Spider:1 | Reached skill level 15 in Air Magic
 29426 | Spider:2 | Lost mutation: You are frail. (-10% HP) [potion of
                  | mutation]
 29426 | Spider:2 | Gained mutation: You occasionally lose the ability to drink
                  | potions when taking damage. [potion of mutation]
 29426 | Spider:2 | Gained mutation: You passively map a small area around you.
                  | [potion of mutation]
 29426 | Spider:2 | Gained mutation: You are strong-willed. (Will+) [potion of
                  | mutation]
 29581 | Spider:2 | Reached skill level 13 in Spellcasting
 29739 | Spider:2 | Reached XP level 17. HP: 116/154 MP: 36/36
 30057 | Spider:2 | Reached skill level 16 in Air Magic
 30296 | Spider:2 | Identified the +3 rapier of Zavodex {holy, rElec}
 30536 | Spider:2 | Reached ***** piety under Ashenzari
 30951 | Spider:3 | magus.rc [v1.9.6]
 31064 | Spider:3 | Reached skill level 12 in Fighting
 31161 | Spider:3 | Reached skill level 13 in Dodging
 31412 | Spider:3 | You pick up a book of Spatial Translocations and begin
                  | reading...
 31412 | Spider:3 | You add the spells Blink, Momentum Strike and Lesser
                  | Beckoning to your library.
 31416 | Spider:3 | Learned a level 2 spell: Blink
 31421 | Spider:3 | Learned a level 4 spell: Animate Dead
 31555 | Spider:3 | Reached skill level 1 in Necromancy
 31590 | Spider:3 | Reached skill level 2 in Necromancy
 32032 | Spider:4 | Entered Level 4 of the Spider Nest
 32115 | Spider:4 | Reached skill level 3 in Necromancy
 32194 | Spider:4 | Reached skill level 4 in Necromancy
 32445 | Spider:4 | You pick up a book of Cantrips and begin reading...
 32549 | Spider:4 | Reached skill level 5 in Necromancy
 32600 | Spider:4 | Reached skill level 6 in Necromancy
 32725 | Spider:4 | Reached skill level 7 in Necromancy
 32837 | Spider:4 | Reached skill level 1 in Evocations
 32844 | Spider:4 | Identified the +1 pair of gloves of Teipenoc {rElec Int+3
                  | Dex-2}
 32852 | Spider:4 | Reached skill level 2 in Evocations
 32857 | Spider:4 | HP: 34/158 [emperor scorpion (7)]
 32858 | Spider:4 | HP: 8/158 [wolf spider (17)]
 33079 | Spider:4 | Reached skill level 3 in Evocations
 33216 | Spider:4 | Reached skill level 4 in Evocations
 33466 | Spider:4 | Got a gossamer rune of Zot
 33746 | D:8      | Bought a scroll of blinking for 90 gold pieces
 33755 | D:8      | Learned a level 7 spell: Haunt
 33755 | D:8      | magus.rc [v1.9.6]
 33798 | Shoals:1 | Entered Level 1 of the Shoals
 33867 | Shoals:1 | Reached skill level 1 in Summonings
 33934 | Shoals:1 | Reached skill level 2 in Summonings
 34022 | Shoals:1 | Reached skill level 3 in Summonings
 34139 | Shoals:1 | Reached skill level 4 in Summonings
 34165 | Shoals:1 | Found Exkyjeis's Armour Shop.
 34462 | Shoals:1 | Reached skill level 5 in Summonings
 34564 | Shoals:1 | Reached XP level 18. HP: 139/163 MP: 38/38
 34869 | Shoals:2 | Found Xemiliec's Weapon Shop.
 34872 | Shoals:2 | Reached ****** piety under Ashenzari
 34904 | Shoals:2 | Reached skill level 6 in Summonings
 34989 | Shoals:2 | Aim: a merfolk impaler, wielding a +2 trident of venom and
                  | wearing a +0 robe (moderately wounded, ally target, about
                  | 35% to evade the cursed +10 lance "Wyrmbane")
 34989 | Shoals:2 | Aim: a merfolk impaler, wielding a +2 trident of venom and
                  | wearing a +0 robe (moderately wounded, ally target, about
                  | 35% to evade the cursed +10 lance "Wyrmbane")
 34990 | Shoals:2 | Aim: a merfolk impaler, wielding a +2 trident of venom and
                  | wearing a +0 robe (moderately wounded, ally target, about
                  | 35% to evade the cursed +10 lance "Wyrmbane")
 34990 | Shoals:2 | Aim: a merfolk impaler, wielding a +2 trident of venom and
                  | wearing a +0 robe (moderately wounded, ally target, about
                  | 35% to evade the cursed +10 lance "Wyrmbane")
 34991 | Shoals:2 | Aim: a merfolk impaler, wielding a +2 trident of venom and
                  | wearing a +0 robe (heavily wounded, ally target, about 35%
                  | to evade the cursed +10 lance "Wyrmbane")
 34991 | Shoals:2 | Aim: a merfolk impaler, wielding a +2 trident of venom and
                  | wearing a +0 robe (heavily wounded, ally target, about 35%
                  | to evade the cursed +10 lance "Wyrmbane")
 34992 | Shoals:2 | Aim: a merfolk impaler, wielding a +2 trident of venom and
                  | wearing a +0 robe (heavily wounded, ally target, about 35%
                  | to evade the cursed +10 lance "Wyrmbane")
 34992 | Shoals:2 | Aim: a merfolk impaler, wielding a +2 trident of venom and
                  | wearing a +0 robe (heavily wounded, ally target, about 35%
                  | to evade the cursed +10 lance "Wyrmbane")
 34993 | Shoals:2 | Aim: a merfolk impaler, wielding a +2 trident of venom and
                  | wearing a +0 robe (severely wounded, ally target, about 35%
                  | to evade the cursed +10 lance "Wyrmbane")
 34993 | Shoals:2 | Aim: a merfolk impaler, wielding a +2 trident of venom and
                  | wearing a +0 robe (severely wounded, ally target, about 35%
                  | to evade the cursed +10 lance "Wyrmbane")
 34994 | Shoals:2 | Aim: a merfolk impaler, wielding a +2 trident of venom and
                  | wearing a +0 robe (heavily wounded, ally target, about 35%
                  | to evade the cursed +10 lance "Wyrmbane")
 34994 | Shoals:2 | Aim: a merfolk impaler, wielding a +2 trident of venom and
                  | wearing a +0 robe (heavily wounded, ally target, about 35%
                  | to evade the cursed +10 lance "Wyrmbane")
 34995 | Shoals:2 | Aim: a merfolk impaler, wielding a +2 trident of venom and
                  | wearing a +0 robe (severely wounded, ally target, about 35%
                  | to evade the cursed +10 lance "Wyrmbane")
 34995 | Shoals:2 | Aim: a merfolk impaler, wielding a +2 trident of venom and
                  | wearing a +0 robe (severely wounded, ally target, about 35%
                  | to evade the cursed +10 lance "Wyrmbane")
 34996 | Shoals:2 | Aim: a merfolk impaler, wielding a +2 trident of venom and
                  | wearing a +0 robe (almost dead, not watching you, ally
                  | target, about 35% to evade the cursed +10 lance "Wyrmbane")
 34996 | Shoals:2 | Aim: a merfolk impaler, wielding a +2 trident of venom and
                  | wearing a +0 robe (almost dead, not watching you, ally
                  | target, about 35% to evade the cursed +10 lance "Wyrmbane")
 34997 | Shoals:2 | Aim: a merfolk impaler, wielding a +2 trident of venom and
                  | wearing a +0 robe (almost dead, not watching you, ally
                  | target, about 35% to evade the cursed +10 lance "Wyrmbane")
 34997 | Shoals:2 | Aim: a merfolk impaler, wielding a +2 trident of venom and
                  | wearing a +0 robe (almost dead, not watching you, ally
                  | target, about 35% to evade the cursed +10 lance "Wyrmbane")
 35381 | Shoals:2 | Reached skill level 7 in Summonings
 35630 | Shoals:2 | Reached skill level 8 in Summonings
 36272 | Shoals:3 | Upgraded the game from 0.30-a0-1163-gf69bf04e7a to
                  | 0.30-a0-1164-ge08a67761e
 36272 | Shoals:3 | magus.rc [v1.9.6]
 36514 | Shoals:3 | Reached skill level 9 in Summonings
 36790 | Shoals:3 | You pick up a book of the Hunter and begin reading...
 36790 | Shoals:3 | You add the spells Call Canine Familiar, Portal Projectile
                  | and Leda's Liquefaction to your library.
 36957 | Shoals:3 | Reached skill level 10 in Summonings
 37610 | Shoals:4 | Entered Level 4 of the Shoals
 37766 | Shoals:4 | Reached skill level 8 in Necromancy
 38312 | Shoals:4 | You pick up a book of Touch and begin reading...
 38312 | Shoals:4 | You add the spells Kiss of Death, Confusing Touch and
                  | Dispel Undead to your library.
 38389 | Shoals:4 | Reached skill level 11 in Summonings
 38693 | Shoals:4 | Noticed Ilsuiw
 38705 | Shoals:4 | Killed Ilsuiw
 38830 | Shoals:4 | Found Gugaid's Armour Boutique.
 39028 | Shoals:4 | Aim: a merfolk impaler, wielding a +2 trident of venom and
                  | wearing a +0 robe (freezing vapour, heavily wounded, not
                  | watching you, ally target, about 35% to evade the cursed
                  | +10 lance "Wyrmbane")
 39028 | Shoals:4 | Aim: a merfolk impaler, wielding a +2 trident of venom and
                  | wearing a +0 robe (freezing vapour, heavily wounded, not
                  | watching you, ally target, about 35% to evade the cursed
                  | +10 lance "Wyrmbane")
 39029 | Shoals:4 | Aim: a merfolk impaler, wielding a +2 trident of venom and
                  | wearing a +0 robe (freezing vapour, heavily wounded, ally
                  | target, about 35% to evade the cursed +10 lance "Wyrmbane")
 39029 | Shoals:4 | Aim: a merfolk impaler, wielding a +2 trident of venom and
                  | wearing a +0 robe (freezing vapour, heavily wounded, ally
                  | target, about 35% to evade the cursed +10 lance "Wyrmbane")
 39030 | Shoals:4 | Aim: a merfolk impaler, wielding a +2 trident of venom and
                  | wearing a +0 robe (freezing vapour, almost dead, ally
                  | target, about 35% to evade the cursed +10 lance "Wyrmbane")
 39030 | Shoals:4 | Aim: a merfolk impaler, wielding a +2 trident of venom and
                  | wearing a +0 robe (freezing vapour, almost dead, ally
                  | target, about 35% to evade the cursed +10 lance "Wyrmbane")
 39031 | Shoals:4 | Reached skill level 14 in Spellcasting
 39045 | Shoals:4 | Aim: a frost giant, wielding a +0 battleaxe of freezing
                  | (freezing vapour, severely wounded, about 8% to evade the
                  | cursed +10 lance "Wyrmbane")
 39045 | Shoals:4 | Aim: a frost giant, wielding a +0 battleaxe of freezing
                  | (freezing vapour, severely wounded, about 8% to evade the
                  | cursed +10 lance "Wyrmbane")
 39046 | Shoals:4 | Aim: a frost giant, wielding a +0 battleaxe of freezing
                  | (freezing vapour, severely wounded, about 8% to evade the
                  | cursed +10 lance "Wyrmbane")
 39046 | Shoals:4 | Aim: a frost giant, wielding a +0 battleaxe of freezing
                  | (freezing vapour, severely wounded, about 8% to evade the
                  | cursed +10 lance "Wyrmbane")
 39047 | Shoals:4 | Aim: a frost giant, wielding a +0 battleaxe of freezing
                  | (severely wounded, about 8% to evade the cursed +10 lance
                  | "Wyrmbane")
 39047 | Shoals:4 | Aim: a frost giant, wielding a +0 battleaxe of freezing
                  | (severely wounded, about 8% to evade the cursed +10 lance
                  | "Wyrmbane")
 39048 | Shoals:4 | Aim: a frost giant, wielding a +0 battleaxe of freezing
                  | (almost dead, about 8% to evade the cursed +10 lance
                  | "Wyrmbane")
 39048 | Shoals:4 | Aim: a frost giant, wielding a +0 battleaxe of freezing
                  | (almost dead, about 8% to evade the cursed +10 lance
                  | "Wyrmbane")
 39049 | Shoals:4 | Aim: a frost giant, wielding a +0 battleaxe of freezing
                  | (almost dead, about 8% to evade the cursed +10 lance
                  | "Wyrmbane")
 39049 | Shoals:4 | Aim: a frost giant, wielding a +0 battleaxe of freezing
                  | (almost dead, about 8% to evade the cursed +10 lance
                  | "Wyrmbane")
 39049 | Shoals:4 | Aim: a frost giant, wielding a +0 battleaxe of freezing
                  | (almost dead, about 8% to evade the cursed +10 lance
                  | "Wyrmbane")
 39110 | Shoals:4 | Got a barnacled rune of Zot
 39244 | Shoals:4 | You pick up a book of Dangerous Friends and begin
                  | reading...
 39760 | Vaults:1 | Entered Level 1 of the Vaults
 39773 | Vaults:1 | magus.rc [v1.9.6]
 40002 | Vaults:1 | You add the spells Borgnjor's Revivification, Necromutation
                  | and Death's Door to your library.
 40101 | Vaults:1 | Reached XP level 19. HP: 164/174 MP: 42/42
 41173 | Vaults:1 | Reached skill level 13 in Fighting
 41796 | Vaults:2 | Found a crumbling gateway.
 41810 | Vaults:2 | Reached skill level 12 in Summonings
 41811 | Vaults:2 | Found a white marble altar of Elyvilon.
 41811 | Vaults:2 | Found a glowing golden altar of the Shining One.
 41812 | Vaults:2 | Found a glowing silver altar of Zin.
 41868 | Desolati | Entered the Desolation of Salt
 41927 | Desolati | Reached skill level 14 in Fighting
 41948 | Desolati | Identified the +9 war axe of the Skies Above {venom, rC+
                  | Int+4}
 41981 | Desolati | Identified the amulet "Urahuby" {Acrobat +Blink Slay+2}
 42030 | Desolati | F - a +1 triple sword of electrocution {longrare=g}
 42031 | Desolati | You drop a +1 triple sword of electrocution {longrare=g}.
 42061 | Desolati | Identified the +1 great sword of Omuacvupue {venom, Str+6}
 42061 | Desolati | Identified the +1 rapier of Responsibility {pain, rElec}
 42149 | Desolati | Identified the +6 great sword "Gedweog" {heavy, rF- rN++}
 42150 | Desolati | Identified the ring "Weoxeust" {Ice rElec Dex-3 SInv}
 42338 | Desolati | Identified the staff of fire "Cecioty" {Fragile rPois rF+
                  | MP+9 SInv}
 42501 | Desolati | Identified the Spellbook of Invincibility
 42501 | Desolati | Identified the +8 long sword of Eripogg {flame, rC+}
 42501 | Desolati | Identified the amulet of the Traitor {Acrobat Fly rPois
                  | Str-5 Int+2}
 42509 | Desolati | Reached skill level 15 in Fighting
 42544 | Desolati | You add the spells Hailstorm, Manifold Assault and
                  | Disjunction to your library.
 42696 | Desolati | You pick up a book of the Hunter and begin reading...
 42910 | Desolati | Reached skill level 16 in Fighting
 43347 | Vaults:2 | Reached XP level 20. HP: 195/198 MP: 43/43
 43721 | Vaults:2 | Reached skill level 17 in Fighting
 44447 | Vaults:2 | Aim: a vault warden, wielding a +3 glaive of flaming and
                  | wearing a +0 plate armour (almost dead, ally target, about
                  | 20% to evade the cursed +11 lance "Wyrmbane")
 44447 | Vaults:2 | Aim: a vault warden, wielding a +3 glaive of flaming and
                  | wearing a +0 plate armour (almost dead, ally target, about
                  | 20% to evade the cursed +11 lance "Wyrmbane")
 44448 | Vaults:2 | Aim: a vault warden, wielding a +3 glaive of flaming and
                  | wearing a +0 plate armour (almost dead, ally target, about
                  | 20% to evade the cursed +11 lance "Wyrmbane")
 44448 | Vaults:2 | Aim: a vault warden, wielding a +3 glaive of flaming and
                  | wearing a +0 plate armour (almost dead, ally target, about
                  | 20% to evade the cursed +11 lance "Wyrmbane")
 44449 | Vaults:2 | Aim: a vault warden, wielding a +3 glaive of flaming and
                  | wearing a +0 plate armour (almost dead, ally target, about
                  | 20% to evade the cursed +11 lance "Wyrmbane")
 44449 | Vaults:2 | Aim: a vault warden, wielding a +3 glaive of flaming and
                  | wearing a +0 plate armour (almost dead, ally target, about
                  | 20% to evade the cursed +11 lance "Wyrmbane")
 44450 | Vaults:2 | Aim: a vault warden, wielding a +3 glaive of flaming and
                  | wearing a +0 plate armour (almost dead, ally target, about
                  | 20% to evade the cursed +11 lance "Wyrmbane")
 44450 | Vaults:2 | Aim: a vault warden, wielding a +3 glaive of flaming and
                  | wearing a +0 plate armour (almost dead, ally target, about
                  | 20% to evade the cursed +11 lance "Wyrmbane")
 44613 | Vaults:2 | Reached skill level 17 in Air Magic
 44821 | Vaults:3 | Found a magical portal.
 44830 | WizLab   | Entered Iskenderun's Mystic Tower
 45764 | WizLab   | Identified Wufaumanoll's Exposition on the Damned
 45764 | WizLab   | Identified the Papyrus of the Bonfire and Evil
 45769 | WizLab   | Reached skill level 18 in Air Magic
 45772 | WizLab   | You add the spells Cigotuvi's Dreadful Rot, Sublimation of
                  | Blood, Simulacrum and Fire Storm to your library.
 45772 | WizLab   | You pick up a book of Power and begin reading...
 45772 | WizLab   | You add the spells Iskenderun's Battlesphere and Iron Shot
                  | to your library.
 45781 | WizLab   | Identified Iskenderun's Handbook of the Barrage
 45781 | WizLab   | Identified Iskenderun's Codex of the Volley
 45801 | WizLab   | You pick up a book of Decay and begin reading...
 45808 | WizLab   | Identified a +0 robe of the Archmagi
 46099 | Vaults:3 | Noticed Asterion
 46107 | Vaults:3 | Killed Asterion
 46326 | Vaults:3 | Found a staircase to the Crypt.
 46582 | Vaults:3 | You pick up a book of Spatial Translocations and begin
                  | reading...
 47159 | Vaults:3 | Found Ilos's General Store.
 47238 | Vaults:4 | magus.rc [v1.9.6]
 47284 | Vaults:4 | You pick up a book of Alchemy and begin reading...
 47284 | Vaults:4 | You add the spells Petrify and Irradiate to your library.
 47309 | Vaults:4 | Learned a level 5 spell: Irradiate
 47535 | Vaults:4 | Noticed Donald
 47548 | Vaults:4 | Reached skill level 14 in Dodging
 47567 | Vaults:4 | Killed Donald
 47568 | Vaults:4 | Reached XP level 21. HP: 207/207 MP: 25/44
 47975 | Vaults:4 | You pick up a book of Spectacle and begin reading...
 47975 | Vaults:4 | You add the spells Volatile Blastmotes, Dazzling Flash and
                  | Starburst to your library.
 48287 | Vaults:4 | Reached skill level 15 in Dodging
 48674 | Vaults:4 | Identified the +3 dagger "Ultimatum" {venom, rF++ Stlth-}
 48844 | Vaults:4 | Found Muyvee's Jewellery Boutique.
 48945 | Vaults:5 | Entered Level 5 of the Vaults
 48948 | Vaults:5 | Reached skill level 16 in Dodging
 48955 | Vaults:5 | Noticed an ancient lich
 48975 | Vaults:4 | Killed an ancient lich
 49222 | Vaults:5 | Noticed a dread lich
 49230 | Vaults:5 | Reached skill level 17 in Dodging
 49242 | Vaults:4 | HP: 43/207 [Hell Sentinel/iron shot[a dread lich] (72)]
 49429 | Vaults:4 | Killed a dread lich
 49727 | Vaults:5 | Noticed a golden dragon
 49756 | Vaults:4 | Killed a golden dragon
 49756 | Vaults:4 | Identified +0 gold dragon scales
 49758 | Vaults:4 | +0 gold dragon scales {rare}; a golden dragon corpse
 49845 | Vaults:4 | +0 gold dragon scales {rare}; a golden dragon corpse
 49852 | Vaults:4 | +0 gold dragon scales {rare}; a golden dragon corpse
 49947 | Vaults:5 | Reached skill level 18 in Dodging
 49949 | Vaults:5 | Identified the +3 falchion of Havoc {freeze, Contam Will+
                  | Int+2}
 49951 | Vaults:4 | +0 gold dragon scales {rare}; a golden dragon corpse
 50057 | Vaults:4 | +0 gold dragon scales {rare}; a golden dragon skeleton
 50065 | Vaults:4 | +0 gold dragon scales {rare}; a golden dragon skeleton
 50100 | Vaults:4 | +0 gold dragon scales {rare}; a golden dragon skeleton
 50119 | Vaults:4 | Reached XP level 22. HP: 166/215 MP: 42/45
 50342 | Vaults:5 | Identified the +1 flail "Wogaebets" {flame, rElec Dex+7}
 50344 | Vaults:5 | Found Weumizu's Magic Scroll Shop.
 50368 | Vaults:5 | Bought a scroll of magic mapping for 142 gold pieces
 50368 | Vaults:5 | Bought a scroll of magic mapping for 142 gold pieces
 50383 | Vaults:5 | Bought a scroll of teleportation for 57 gold pieces
 50383 | Vaults:5 | Bought a scroll of teleportation for 57 gold pieces
 50436 | Vaults:5 | Identified the staff of air "Isabiot" {rElec rC+ Dex+5
                  | Stlth-}
 50449 | Vaults:5 | You pick up a book of Geomancy and begin reading...
 50449 | Vaults:5 | You add the spells Sandblast and Stone Arrow to your
                  | library.
 50454 | Vaults:5 | Got a silver rune of Zot
 50525 | Vaults:5 | Noticed a golden dragon
 50536 | Vaults:5 | Killed a golden dragon
 50585 | Vaults:5 | Noticed Mara
 50589 | Vaults:5 | Killed Mara
 50593 | Vaults:5 | You pick up a book of Vapours and begin reading...
 50597 | Vaults:5 | You pick up a book of the Senses and begin reading...
 50597 | Vaults:5 | You add the spells Agony and Silence to your library.
 50599 | Vaults:5 | You pick up a book of the Sky and begin reading...
 50599 | Vaults:5 | You add the spells Summon Lightning Spire and Storm Form to
                  | your library.
 50613 | Vaults:5 | Acquired a book of the Dragon
 50616 | Vaults:5 | You pick up a book of the Dragon and begin reading...
 50616 | Vaults:5 | You add the spells Cause Fear, Dragon Form and Dragon's
                  | Call to your library.
 50643 | Vaults:5 | Noticed a dread lich
 50658 | Vaults:5 | Killed a dread lich
 50659 | Vaults:5 | Reached skill level 19 in Air Magic
 50712 | Vaults:5 | Identified Uquonyam's Papyrus of Maledictive Cryomancy
 50712 | Vaults:5 | Identified the ring "Dimatif" {rPois Will+ rCorr Str+2}
 50716 | Vaults:5 | You pick up a book of Ice and begin reading...
 50716 | Vaults:5 | You add the spells Ozocubu's Refrigeration and Polar Vortex
                  | to your library.
 50718 | Vaults:5 | You pick up a book of Spectacle and begin reading...
 50800 | Vaults:5 | Identified Sif Muna's Textbook on the Coarse Jaunt
 51091 | Depths:1 | Entered Level 1 of the Depths
 51091 | Depths:1 | Found a one-way gateway to a ziggurat.
 51156 | Depths:1 | Aim: a tengu warrior, wielding a +1 war axe, wearing a +0
                  | leather armour and wearing a +0 kite shield (freezing
                  | vapour, moderately wounded, about 28% to evade the cursed
                  | +16 lance "Wyrmbane")
 51156 | Depths:1 | Aim: a tengu warrior, wielding a +1 war axe, wearing a +0
                  | leather armour and wearing a +0 kite shield (freezing
                  | vapour, moderately wounded, about 28% to evade the cursed
                  | +16 lance "Wyrmbane")
 51157 | Depths:1 | Aim: a tengu warrior, wielding a +1 war axe, wearing a +0
                  | leather armour and wearing a +0 kite shield (heavily
                  | wounded, about 28% to evade the cursed +16 lance
                  | "Wyrmbane")
 51157 | Depths:1 | Aim: a tengu warrior, wielding a +1 war axe, wearing a +0
                  | leather armour and wearing a +0 kite shield (heavily
                  | wounded, about 28% to evade the cursed +16 lance
                  | "Wyrmbane")
 51158 | Depths:1 | Aim: a tengu warrior, wielding a +1 war axe, wearing a +0
                  | leather armour and wearing a +0 kite shield (heavily
                  | wounded, about 28% to evade the cursed +16 lance
                  | "Wyrmbane")
 51158 | Depths:1 | Aim: a tengu warrior, wielding a +1 war axe, wearing a +0
                  | leather armour and wearing a +0 kite shield (heavily
                  | wounded, about 28% to evade the cursed +16 lance
                  | "Wyrmbane")
 51159 | Depths:1 | Aim: a tengu warrior, wielding a +1 war axe, wearing a +0
                  | leather armour and wearing a +0 kite shield (severely
                  | wounded, about 28% to evade the cursed +16 lance
                  | "Wyrmbane")
 51159 | Depths:1 | Aim: a tengu warrior, wielding a +1 war axe, wearing a +0
                  | leather armour and wearing a +0 kite shield (severely
                  | wounded, about 28% to evade the cursed +16 lance
                  | "Wyrmbane")
 51160 | Depths:1 | Aim: a tengu warrior, wielding a +1 war axe, wearing a +0
                  | leather armour and wearing a +0 kite shield (almost dead,
                  | about 28% to evade the cursed +16 lance "Wyrmbane")
 51160 | Depths:1 | Aim: a tengu warrior, wielding a +1 war axe, wearing a +0
                  | leather armour and wearing a +0 kite shield (almost dead,
                  | about 28% to evade the cursed +16 lance "Wyrmbane")
 51161 | Depths:1 | Aim: a tengu warrior, wielding a +1 war axe, wearing a +0
                  | leather armour and wearing a +0 kite shield (almost dead,
                  | about 28% to evade the cursed +16 lance "Wyrmbane")
 51161 | Depths:1 | Aim: a tengu warrior, wielding a +1 war axe, wearing a +0
                  | leather armour and wearing a +0 kite shield (almost dead,
                  | about 28% to evade the cursed +16 lance "Wyrmbane")
 51162 | Depths:1 | Aim: a tengu warrior, wielding a +1 war axe, wearing a +0
                  | leather armour and wearing a +0 kite shield (almost dead,
                  | about 28% to evade the cursed +16 lance "Wyrmbane")
 51162 | Depths:1 | Aim: a tengu warrior, wielding a +1 war axe, wearing a +0
                  | leather armour and wearing a +0 kite shield (almost dead,
                  | about 28% to evade the cursed +16 lance "Wyrmbane")
 51585 | Depths:1 | Found a gateway to Hell.
 51753 | Depths:1 | Found a snail-covered altar of Cheibriados.
 51964 | Depths:2 | Upgraded the game from 0.30-a0-1164-ge08a67761e to
                  | 0.31-a0-1-g4198be8af4
 51964 | Depths:2 | magus.rc [v1.9.6]
 51964 | Depths:2 | magus.rc [v1.9.6]
 51998 | Depths:2 | Reached skill level 18 in Fighting
 52280 | Depths:2 | You pick up a book of Cantrips and begin reading...
 52372 | Depths:2 | Reached skill level 19 in Fighting
 52783 | Depths:2 | Noticed an ancient lich
 52793 | Depths:2 | Killed an ancient lich
 52937 | Depths:2 | Found a one-way gate leading to the halls of Pandemonium.
 52962 | Depths:2 | You pick up a book of Maledictions and begin reading...
 52962 | Depths:2 | You add the spells Anguish and Enfeeble to your library.
 52964 | Depths:2 | You add the spells Sting and Olgreb's Toxic Radiance to
                  | your library.
 52970 | Depths:2 | Found the +6 Majin-Bo {spellvamp, MP+6 Int+6}
 52976 | Depths:2 | You pick up a book of Blasting and begin reading...
 52992 | Depths:2 | You pick up a book of the Dragon and begin reading...
 53343 | Depths:3 | Reached skill level 20 in Fighting
 53351 | Depths:3 | a +0 quick blade of holy wrath {shortrare=g}; a +2 robe of
                  | cold resistance; a +0 buckler
 53366 | Depths:3 | Aim: a deep elf elementalist, wielding a +0 short sword
                  | (heavily wounded, repelling missiles, about 23% to evade
                  | the cursed +16 lance "Wyrmbane")
 53367 | Depths:3 | Aim: a deep elf elementalist, wielding a +0 short sword
                  | (severely wounded, misshapen and mutated, about 23% to
                  | evade the cursed +16 lance "Wyrmbane")
 53367 | Depths:3 | Aim: a deep elf elementalist, wielding a +0 short sword
                  | (severely wounded, misshapen and mutated, about 23% to
                  | evade the cursed +16 lance "Wyrmbane")
 53367 | Depths:3 | Aim: a deep elf elementalist, wielding a +0 short sword
                  | (severely wounded, misshapen and mutated, about 23% to
                  | evade the cursed +16 lance "Wyrmbane")
 53368 | Depths:3 | Aim: a deep elf elementalist, wielding a +0 short sword
                  | (severely wounded, misshapen and mutated, about 23% to
                  | evade the cursed +16 lance "Wyrmbane")
 53368 | Depths:3 | Aim: a deep elf elementalist, wielding a +0 short sword
                  | (severely wounded, misshapen and mutated, about 23% to
                  | evade the cursed +16 lance "Wyrmbane")
 53369 | Depths:3 | Reached XP level 23. HP: 206/226 MP: 6/44
 53691 | Depths:3 | F - a +0 quick blade of holy wrath {shortrare=g}
 53773 | Depths:3 | Reached skill level 21 in Fighting
 53946 | Depths:3 | You pick up a book of Decay and begin reading...
 54107 | Depths:3 | Reached skill level 20 in Air Magic
 54119 | Depths:3 | Found a viscous altar of Jiyva.
 54280 | Depths:3 | Noticed Jory
 54291 | Depths:3 | Killed Jory
 54364 | Depths:3 | Found a one-way gate to the infinite horrors of the Abyss.
 54437 | Depths:3 | quicksilver dragon scales {rare}; a quicksilver dragon
                  | corpse
 54558 | Depths:3 | Noticed Mennas
 54562 | Depths:3 | Killed Mennas
 54969 | Depths:4 | Entered Level 4 of the Depths
 54983 | Depths:4 | Reached skill level 21 in Air Magic
 55007 | Depths:4 | You pick up a book of Conjurations {@e2} and begin
                  | reading...
 55710 | Depths:4 | Found a gate to the Realm of Zot.
 55747 | Depths:4 | Reached skill level 19 in Dodging
 56260 | Zot:1    | Entered Level 1 of the Realm of Zot
 56360 | Zot:3    | Noticed a Killer Klown
 56567 | Zot:3    | Aim: a black draconian knight, wielding a +0 halberd and
                  | wearing a +2 cloak (lightly wounded, slightly transparent,
                  | about 21% to evade the cursed +17 lance "Wyrmbane")
 56567 | Zot:3    | Aim: a black draconian knight, wielding a +0 halberd and
                  | wearing a +2 cloak (lightly wounded, slightly transparent,
                  | about 21% to evade the cursed +17 lance "Wyrmbane")
 56568 | Zot:3    | Aim: a black draconian knight, wielding a +0 halberd and
                  | wearing a +2 cloak (lightly wounded, slightly transparent,
                  | about 21% to evade the cursed +17 lance "Wyrmbane")
 56568 | Zot:3    | Aim: a black draconian knight, wielding a +0 halberd and
                  | wearing a +2 cloak (lightly wounded, slightly transparent,
                  | about 21% to evade the cursed +17 lance "Wyrmbane")
 56569 | Zot:3    | Aim: a black draconian knight, wielding a +0 halberd and
                  | wearing a +2 cloak (lightly wounded, ally target, about 21%
                  | to evade the cursed +17 lance "Wyrmbane")
 56569 | Zot:3    | Aim: a black draconian knight, wielding a +0 halberd and
                  | wearing a +2 cloak (lightly wounded, ally target, about 21%
                  | to evade the cursed +17 lance "Wyrmbane")
 56570 | Zot:3    | Aim: a black draconian knight, wielding a +0 halberd and
                  | wearing a +2 cloak (lightly wounded, catching its breath,
                  | ally target, about 21% to evade the cursed +17 lance
                  | "Wyrmbane")
 56570 | Zot:3    | Aim: a black draconian knight, wielding a +0 halberd and
                  | wearing a +2 cloak (lightly wounded, catching its breath,
                  | ally target, about 21% to evade the cursed +17 lance
                  | "Wyrmbane")
 56571 | Zot:3    | Aim: a black draconian knight, wielding a +0 halberd and
                  | wearing a +2 cloak (lightly wounded, catching its breath,
                  | ally target, about 21% to evade the cursed +17 lance
                  | "Wyrmbane")
 56571 | Zot:3    | Aim: a black draconian knight, wielding a +0 halberd and
                  | wearing a +2 cloak (lightly wounded, catching its breath,
                  | ally target, about 21% to evade the cursed +17 lance
                  | "Wyrmbane")
 56572 | Zot:3    | Aim: a black draconian knight, wielding a +0 halberd and
                  | wearing a +2 cloak (moderately wounded, ally target, about
                  | 21% to evade the cursed +17 lance "Wyrmbane")
 56572 | Zot:3    | Aim: a black draconian knight, wielding a +0 halberd and
                  | wearing a +2 cloak (moderately wounded, ally target, about
                  | 21% to evade the cursed +17 lance "Wyrmbane")
 56572 | Zot:3    | Aim: a black draconian knight, wielding a +0 halberd and
                  | wearing a +2 cloak (moderately wounded, ally target, about
                  | 21% to evade the cursed +17 lance "Wyrmbane")
 56572 | Zot:3    | Aim: a black draconian knight, wielding a +0 halberd and
                  | wearing a +2 cloak (moderately wounded, ally target, about
                  | 21% to evade the cursed +17 lance "Wyrmbane")
 56573 | Zot:3    | Aim: a black draconian knight, wielding a +0 halberd and
                  | wearing a +2 cloak (moderately wounded, ally target, about
                  | 21% to evade the cursed +17 lance "Wyrmbane")
 56573 | Zot:3    | Aim: a black draconian knight, wielding a +0 halberd and
                  | wearing a +2 cloak (moderately wounded, ally target, about
                  | 21% to evade the cursed +17 lance "Wyrmbane")
 56573 | Zot:3    | Aim: a black draconian knight, wielding a +0 halberd and
                  | wearing a +2 cloak (moderately wounded, ally target, about
                  | 21% to evade the cursed +17 lance "Wyrmbane")
 56573 | Zot:3    | Aim: a black draconian knight, wielding a +0 halberd and
                  | wearing a +2 cloak (moderately wounded, ally target, about
                  | 21% to evade the cursed +17 lance "Wyrmbane")
 56582 | Zot:3    | Killed a Killer Klown
 56583 | Zot:3    | Reached XP level 24. HP: 130/238 MP: 13/44
 56724 | Zot:3    | Noticed an electric golem
 56743 | Zot:3    | Reached skill level 20 in Dodging
 56749 | Zot:3    | Killed an electric golem
 56750 | Zot:3    | Aim: a purple draconian, wielding a +2 war axe of
                  | electrocution (freezing vapour, almost dead, slow, ally
                  | target, about 18% to evade the cursed +17 lance "Wyrmbane")
 56750 | Zot:3    | Aim: a purple draconian, wielding a +2 war axe of
                  | electrocution (freezing vapour, almost dead, slow, ally
                  | target, about 18% to evade the cursed +17 lance "Wyrmbane")
 57149 | Zot:3    | Noticed an orb of fire
 57154 | Zot:3    | Killed an orb of fire
 57374 | Zot:3    | Found a transporter.
 57402 | Zot:4    | Reached skill level 21 in Dodging
 57506 | Zot:3    | Noticed an orb of fire
 57582 | Zot:4    | +0 shadow dragon scales {rare}; a shadow dragon corpse
 57628 | Zot:4    | Reached skill level 15 in Spellcasting
 57652 | Zot:4    | +0 shadow dragon scales {rare}; a shadow dragon corpse
 57686 | Zot:3    | Noticed Ahiemauce's ghost (veteran DrSu)
 57767 | Zot:4    | +0 shadow dragon scales {rare}; a shadow dragon corpse
 57815 | Zot:5    | Entered Level 5 of the Realm of Zot
 58125 | Zot:5    | Noticed an orb of fire
 58127 | Zot:5    | Gained mutation: You sometimes lose the ability to drink
                  | potions when taking damage. [an orb of fire]
 58129 | Zot:5    | Killed an orb of fire
 58130 | Zot:5    | Reached skill level 16 in Spellcasting
 58264 | Zot:5    | You pick up a book of the Dragon and begin reading...
 58294 | Zot:5    | Lost mutation: You passively map a small area around you.
                  | [potion of mutation]
 58294 | Zot:5    | Lost mutation: You sometimes lose the ability to drink
                  | potions when taking damage. [potion of mutation]
 58294 | Zot:5    | Lost mutation: You occasionally lose the ability to drink
                  | potions when taking damage. [potion of mutation]
 58294 | Zot:5    | Gained mutation: Your tail ends in a venomous barb. [potion
                  | of mutation]
 58294 | Zot:5    | Gained mutation: Your tail ends in a sharp venomous barb.
                  | [potion of mutation]
 58419 | Zot:5    | Noticed an orb of fire
 58424 | Zot:5    | Killed an orb of fire
 58426 | Zot:5    | Noticed a Killer Klown
 58426 | Zot:5    | Noticed an orb of fire
 58429 | Zot:5    | Noticed an orb of fire
 58430 | Zot:5    | Gained mutation: You are dopey. (Int -2) [an orb of fire]
 58434 | Zot:5    | Killed an orb of fire
 58436 | Zot:5    | Noticed an electric golem
 58441 | Zot:5    | Noticed an orb of fire
 58453 | Zot:5    | Gained mutation: You occasionally shout uncontrollably at
                  | your foes. [an orb of fire]
 58454 | Zot:5    | Gained mutation: You are frail. (-10% HP) [an orb of fire]
 58465 | Zot:5    | Gained mutation: You have sharp toenails. [an orb of fire]
 58466 | Zot:5    | Gained mutation: Your spells are a little easier to cast,
                  | but a little less powerful. [an orb of fire]
 58467 | Zot:5    | HP: 48/214 [orb of fire/fireball (10)]
 58468 | Zot:5    | Killed an orb of fire
 58469 | Zot:5    | Reached skill level 17 in Spellcasting
 58494 | Zot:5    | HP: 45/214 [orb of fire/bolt of fire (12)]
 58497 | Zot:5    | HP: 16/214 [orb of fire/fireball (9)]
 58498 | Zot:5    | Killed an orb of fire
 58734 | Zot:5    | Lost mutation: You occasionally shout uncontrollably at
                  | your foes. [potion of mutation]
 58734 | Zot:5    | Lost mutation: Your spells are a little easier to cast, but
                  | a little less powerful. [potion of mutation]
 58734 | Zot:5    | Lost mutation: You are frail. (-10% HP) [potion of
                  | mutation]
 58734 | Zot:5    | Lost mutation: You are dopey. (Int -2) [potion of mutation]
 58734 | Zot:5    | Gained mutation: You have hidden genetic defects. [potion
                  | of mutation]
 58734 | Zot:5    | Gained mutation: You are agile. (Dex +4, Str/Int -1)
                  | [potion of mutation]
 58793 | Zot:5    | Reached XP level 25. HP: 208/246 MP: 27/47
 58929 | Zot:5    | Noticed a Killer Klown
 58934 | Zot:5    | Killed a Killer Klown
 58940 | Zot:5    | Noticed an orb of fire
 58946 | Zot:5    | Killed an orb of fire
 58947 | Zot:5    | Reached skill level 18 in Spellcasting
 58955 | Zot:5    | Killed an electric golem
 58965 | Zot:5    | Got the Orb of Zot
 59014 | Zot:5    | Noticed an orb of fire
 59019 | Zot:5    | Noticed an orb of fire
 59101 | Zot:3    | Noticed Joddies's ghost (legendary TeRe)
 59531 | D:4      | Lost mutation: You are agile. (Dex +4, Str/Int -1) [hidden
                  | defects]
 59617 | D:1      | Noticed Vatrinit the pandemonium lord
 59622 | D:1      | Killed Vatrinit the pandemonium lord
 59654 | D:$      | Escaped with the Orb!

Vanquished Creatures
  2 dread liches
  7 orbs of fire
  2 ancient liches
  Mennas (Depths:3)
  Mara (Vaults:5)
  A Killer Klown (Zot:5)
  A pandemonium lord (D:1)
  3 golden dragons
  Jory (Depths:3)
  A Tzitzimitl (D:4)
  8 tentacled monstrosities
  An electric golem (Zot:5)
  16 Orb Guardians (Zot:5)
  A Hell Sentinel (Zot:4)
  A lich (Vaults:5)
  Asterion (Vaults:3)
  2 titans (Vaults:5)
  4 quicksilver dragons
  3 acid blobs (Depths:3)
  A walking divine tome (Depths:4)
  Frances (D:14)
  3 krakens
  3 sphinxes
  2 death cobs (Zot:3)
  7 tengu reavers
  10 shadow dragons
  10 storm dragons
  5 azure jellies (Depths:3)
  8 draconian monks
  3 fire giants
  Ilsuiw (Shoals:4)
  5 draconian knights
  4 draconian scorchers
  2 imperial myrmidons (Desolation)
  2 draconian stormcallers
  6 frost giants
  5 deep elf elementalists (Depths:3)
  2 deep elf sorcerers (Vaults:5)
  9 vault wardens
  4 ghost moths
  9 emperor scorpions
  2 angels (Vaults:2)
  6 draconian shifters
  4 draconian annihilators
  An orc warlord (Orc:2)
  5 quicksilver oozes (Depths:3)
  14 very ugly things
  A Killer Klown zombie (Zot:3)
  2 broodmothers
  14 ironbound preservers
  2 spriggan defenders (Depths:3)
  A ghoul (Vaults:3)
  3 vampire knights
  5 ironbound thunderhulks
  12 stone giants
  Nessos (Orc:2)
  An elemental wellspring (Depths:3)
  An eleionoma (Depths:3)
  5 green draconians
  A deep elf annihilator (Vaults:4)
  19 purple draconians
  6 black draconians
  A halazid warlock (Desolation)
  A minotaur (Gauntlet)
  5 white draconians
  3 yellow draconians
  A dire elephant (shapeshifter) (Depths:3)
  4 dire elephants (Vaults:4)
  6 red draconians
  3 merfolk javelineers (Shoals:4)
  An acid blob zombie (Depths:3)
  3 eidola (Vaults:3)
  8 ettins
  8 merfolk impalers
  2 crystal guardians
  A deep elf death mage (Vaults:5)
  9 entropy weavers
  2 spriggan zombies (Depths:3)
  Snorg (D:11)
  Josephine (D:12)
  6 fire dragons
  9 yaktaur captains
  10 ragged hierophants (Desolation)
  6 ice dragons
  7 hydras
  Harold (D:10)
  A fenstrider witch zombie (Depths:3)
  11 great orbs of eyes
  Fannar (Lair:1)
  A merfolk avatar (Shoals:1)
  3 spriggan air magi
  2 salamander tyrants (Depths:3)
  31 vault guards
  2 catoblepae
  8 peacekeepers
  8 servants of whispers (Desolation)
  Erolcha (D:13)
  2 merfolk aquamancers
  An alligator snapping turtle (Shoals:4)
  13 two-headed ogres
  3 ogre magi
  A jorogumo (Spider:1)
  9 ironbound frosthearts
  Erica (D:10)
  9 centaur warriors
  11 deep troll earth magi
  A radroach (Spider:4)
  A hell beast (Depths:1)
  5 satyrs
  11 deep troll shamans
  3 hell hogs (Depths:1)
  6 boulder beetles
  Urug (D:12)
  3 vampire magi (Depths:2)
  7 tengu warriors
  18 death yaks
  An orc high priest (Orc:2)
  2 spriggan berserkers (Depths:4)
  A storm dragon zombie (Vaults:4)
  9 hell knights
  Nergalle (D:10)
  8 iron trolls
  9 skeletal warriors
  6 skysharks
  A fire crab (Gauntlet)
  11 pharaoh ants
  A sun demon (Depths:1)
  43 deep trolls
  A glowing orange brain (shapeshifter) (Vaults:5)
  2 sun moths
  A storm dragon skeleton (D:15)
  A shadow demon (D:14)
  4 sea snakes
  2 flayed ghosts
  A golden dragon zombie (Vaults:1)
  2 wizards
  13 orb spiders
  15 ironbound convokers
  9 necromancers
  A spriggan druid (Depths:3)
  5 glowing orange brains
  Pikel (D:6)
  7 steelbarb worms
  7 lindwurms
  A steelbarb worm (shapeshifter) (Depths:4)
  17 harpies
  An ugly thing zombie (Depths:2)
  7 phantasmal warriors
  4 orc sorcerers
  A tengu skeleton (Vaults:4)
  2 deep elf pyromancers
  6 cyclopes
  7 orc knights
  A draconian zombie (Zot:4)
  14 wolf spiders
  38 ugly things
  A moth of wrath (shapeshifter) (Vaults:4)
  8 fauns
  3 toenail golems (Volcano)
  A faun (shapeshifter) (Vaults:5)
  A frost giant zombie (Vaults:4)
  A shining eye (Depths:3)
  A stone giant zombie (Vaults:1)
  A salamander (Depths:3)
  13 moths of wrath
  2 human skeletons (Vaults:4)
  12 manticores
  12 elephants
  An elephant (shapeshifter) (Vaults:5)
  7 torpor snails
  5 merfolk sirens
  3 black mambas
  3 molten gargoyles
  A rust devil (D:6)
  A titan simulacrum (Vaults:4)
  3 gargoyles
  2 smoke demons (Depths:1)
  Joseph (D:10)
  5 water nymphs
  5 guardian serpents (Desolation)
  17 vault sentinels
  6 demonic crawlers
  6 cane toads
  Maggie (D:8)
  2 komodo dragons
  A kobold demonologist (D:13)
  3 unseen horrors
  A hellion (D:3)
  5 rime drakes
  A yellow draconian zombie (Zot:3)
  A dryad (Depths:3)
  3 freezing wraiths (Vaults:5)
  A komodo dragon (shapeshifter) (D:14)
  3 efreet
  25 yaktaurs
  A tormentor (D:5)
  24 tengu conjurers
  14 merfolk
  A wind drake (shapeshifter) (Depths:4)
  Grinder (D:4)
  12 meliai
  A polar bear (Lair:2)
  A queen bee (shapeshifter) (Depths:2)
  9 wind drakes
  9 trolls
  68 saltlings (Desolation)
  A hellwing (D:14)
  4 hornets
  16 tarantellas
  A dream sheep (shapeshifter) (Vaults:5)
  7 blink frogs
  2 ettin zombies
  5 snapping turtles
  9 dream sheep
  A centaur simulacrum (D:10)
  A shadow (D:12)
  23 culicivoras
  26 jumping spiders
  3 spriggans
  60 yaks
  7 wraiths
  3 fire bats (Gauntlet)
  4 vampires
  9 water elementals
  29 slime creatures
  Grum (Lair:1)
  7 wyverns
  3 golden eyes (Depths:3)
  2 nameless horrors
  3 fire elementals (Volcano)
  61 redbacks
  3 slime creature zombies (Vaults:3)
  8 vampire mosquitoes
  3 basilisks
  A steam dragon (D:6)
  A glowing shapeshifter zombie (D:15)
  7 wargs
  2 deep troll zombies
  9 human zombies
  22 water moccasins
  Menkaure (D:6)
  4 acid dragons
  2 hell hounds (Gauntlet)
  Duvessa (D:7)
  6 black bears
  29 orc warriors
  An ice beast (D:7)
  2 merfolk zombies
  An elf simulacrum (Vaults:4)
  24 ogres
  A sky beast (D:7)
  9 centaurs
  18 wolves
  A phantom (D:6)
  2 kobold brigands
  17 bullfrogs
  3 yaktaur zombies (Vaults:4)
  2 gnoll sergeants
  2 earth elementals (Volcano)
  4 scorpions
  4 wights
  Dowan (D:7)
  12 killer bees
  8 vampire bats (Bailey)
  5 wolf zombies (Bailey)
  4 electric eels
  A howler monkey (D:8)
  4 hounds
  2 gnoll boudas
  13 orc priests
  2 jellies
  A sleepcap (D:6)
  Jessica (D:3)
  15 orc wizards
  Ijyb (D:5)
  Terence (D:3)
  3 iguanas
  10 statues
  8 gnolls
  8 adders
  A white imp (D:5)
  3 dart slugs (D:1)
  55 orcs
  2 bats (D:1)
  A bat zombie (D:14)
  11 endoplasms
  A giant cockroach (D:2)
  5 goblins
  16 hobgoblins
  4 jackals
  6 quokkas
  15 ball pythons
  3 frilled lizards
  15 kobolds
  19 orc zombies (Bailey)
  5 rats
  A rat zombie (D:14)
  A snaplasher vine (Depths:3)
  9 tentacles
1864 creatures vanquished.

Vanquished Creatures (collateral kills)
  A Killer Klown (Zot:3)
  A golden dragon (Vaults:5)
  An electric golem (Zot:3)
  3 tentacled monstrosities
  6 Orb Guardians (Zot:5)
  A lich (Depths:2)
  A walking frostbound tome (Depths:4)
  A quicksilver dragon (Zot:3)
  A kraken (Shoals:2)
  3 death cobs
  A tengu reaver (Vaults:4)
  2 shadow dragons (Zot:3)
  Donald (Vaults:4)
  A fire giant (Vaults:4)
  A fenstrider witch (Depths:3)
  A storm dragon (Vaults:4)
  3 frost giants (Depths:2)
  A ghost moth (Zot:3)
  3 vault wardens
  A deep elf sorcerer (Vaults:5)
  A draconian annihilator (Zot:4)
  6 very ugly things
  2 ironbound preservers
  A green draconian (Zot:3)
  3 stone giants
  2 vampire knights
  A purple draconian (Zot:3)
  3 eleionomae (Depths:3)
  2 yellow draconians (Zot:4)
  2 merfolk javelineers (Shoals:4)
  3 ettins
  3 merfolk impalers
  A fire dragon (Depths:3)
  An iron golem (Depths:1)
  A ragged hierophant (Desolation)
  3 yaktaur captains
  2 great orbs of eyes
  2 rakshasas
  2 salamander tyrants (Depths:3)
  A servant of whispers (Desolation)
  4 peacekeepers (Desolation)
  2 ironbound frosthearts
  A radroach (Spider:4)
  A centaur warrior (Vaults:2)
  4 merfolk aquamancers
  2 satyrs
  A deep troll earth mage (Depths:2)
  A titan zombie (Vaults:1)
  2 deep troll shamans
  A vampire mage (Depths:2)
  2 spriggan berserkers
  2 hell knights
  3 soul eaters
  A sun demon (Depths:1)
  A skyshark (Shoals:1)
  An iron troll (Depths:4)
  A pharaoh ant (Spider:4)
  2 sea snakes (Shoals:2)
  A tengu zombie (Vaults:5)
  11 deep trolls
  3 orb spiders
  3 ironbound convokers
  2 lindwurms (Vaults:2)
  A sphinx zombie (Vaults:5)
  A wizard (Vaults:2)
  2 steelbarb worms (Spider:4)
  A harpy (Shoals:3)
  A wolf spider (Spider:4)
  2 necromancers
  9 fauns
  8 ugly things
  2 moths of wrath (Zot:5)
  A manticore (Shoals:1)
  8 merfolk sirens
  A nameless horror (Vaults:5)
  A molten gargoyle (Desolation)
  3 vault sentinels
  A demonic crawler (Spider:3)
  5 yaktaurs
  2 tengu conjurers (Depths:3)
  A moth of wrath zombie (Zot:4)
  5 merfolk
  A hornet (Depths:4)
  6 tarantellas
  3 saltlings (Desolation)
  2 snapping turtles
  3 slime creatures (Vaults:2)
  5 jumping spiders
  5 water elementals
  2 culicivoras (Spider:4)
  A ynoxinul (D:1)
  A slime creature zombie (Vaults:3)
  11 redbacks
223 creatures vanquished.

Vanquished Creatures (others)
  A fire giant (Vaults:2)
  2 very ugly thing zombies (Depths:2)
  A vault guard (D:14)
  A peacekeeper (Desolation)
  7 Orb Guardian zombies (Zot:5)
  2 merfolk aquamancers (Shoals:4)
  A storm dragon zombie (Zot:3)
  A soul eater (Depths:1)
  A ghost moth zombie (Zot:3)
  A tengu zombie (Vaults:4)
  2 shadow dragon zombies
  2 ugly thing zombies (Vaults:4)
  2 wolf spider zombies (Spider:4)
  3 eleionoma zombies (Depths:3)
  6 draconian zombies
  A stone giant zombie (Vaults:5)
  2 frost giant zombies (Depths:2)
  4 salamander zombies (Depths:3)
  2 purple draconian zombies (Zot:3)
  2 red draconian zombies
  2 iron troll zombies
  2 white draconian zombies (Zot:4)
  4 elf zombies
  6 redback zombies
  2 green draconian zombies (Zot:3)
  A freezing wraith (Vaults:5)
  2 steelbarb worm zombies
  6 harpy zombies
  2 saltlings (Desolation)
  A tarantella (Spider:1)
  4 moth of wrath zombies
  A guardian serpent zombie (Desolation)
  2 tarantella zombies (Spider:4)
  A great orb of eyes zombie (Depths:3)
  3 satyr zombies
  2 culicivora zombies
  A jumping spider zombie (Spider:4)
  3 meliai zombies (Spider:4)
  A spriggan zombie (Depths:3)
  A wind drake zombie (Shoals:2)
  4 slime creature zombies
  5 faun zombies
  A warg (Orc:2)
  2 water nymph zombies
  13 merfolk zombies
  23 deep troll zombies
  2 entropy weaver zombies
  2 snapping turtle zombies (Shoals:4)
  A hornet zombie (Depths:3)
  3 manticore zombies
  16 human zombies
  14 yaktaur zombies
  A dryad zombie (Depths:3)
  46 fungi
  146 plants
  18 tentacles
  8 withered plants
396 creatures vanquished.

Grand Total: 2483 creatures vanquished

Table legend:
 A = Non-vault XP
 B = Vault XP
 C = Vault XP percentage of total XP
 D = Non-vault monster count
 E = Vault monster count
 F = Vault count percentage of total count
                 A         B        C        D         E       F
            +---------+---------+-------+---------+---------+-------
      Total |  601877 |  572207 |  48.7 |    1188 |     855 |  41.9
            +---------+---------+-------+---------+---------+-------
        D:1 |      45 |       0 |   0.0 |      24 |       0 |   0.0
        D:2 |      54 |       6 |  10.0 |      11 |       4 |  26.7
        D:3 |     136 |     138 |  50.4 |      18 |      18 |  50.0
        D:4 |     321 |     391 |  54.9 |      22 |       6 |  21.4
        D:5 |     446 |      36 |   7.5 |       9 |       1 |  10.0
        D:6 |    1233 |    1010 |  45.0 |      19 |       4 |  17.4
        D:7 |    1174 |     179 |  13.2 |      19 |       2 |   9.5
        D:8 |    1169 |    2387 |  67.1 |      25 |      15 |  37.5
        D:9 |    4343 |       0 |   0.0 |      36 |       0 |   0.0
       D:10 |    2920 |    7618 |  72.3 |       9 |      19 |  67.9
       D:11 |    5737 |     911 |  13.7 |      24 |       1 |   4.0
       D:12 |    6619 |    3545 |  34.9 |      17 |      23 |  57.5
       D:13 |    6734 |    4506 |  40.1 |      16 |      14 |  46.7
       D:14 |    9056 |    9138 |  50.2 |      19 |      15 |  44.1
       D:15 |   12657 |    4202 |  24.9 |      26 |       8 |  23.5
     Lair:1 |    3697 |    1461 |  28.3 |      17 |       5 |  22.7
     Lair:2 |   11288 |     414 |   3.5 |      30 |       4 |  11.8
     Lair:3 |   15674 |    1929 |  11.0 |      43 |       6 |  12.2
     Lair:4 |    7924 |     237 |   2.9 |      23 |       2 |   8.0
     Lair:5 |    9968 |   10850 |  52.1 |      34 |      22 |  39.3
   Shoals:1 |   15570 |    2358 |  13.2 |      26 |       6 |  18.8
   Shoals:2 |   15003 |    4599 |  23.5 |      24 |      10 |  29.4
   Shoals:3 |   17892 |    1528 |   7.9 |      32 |       1 |   3.0
   Shoals:4 |   14611 |   20248 |  58.1 |      33 |      34 |  50.7
   Spider:1 |   24839 |     888 |   3.5 |      68 |       4 |   5.6
   Spider:2 |   22666 |    5760 |  20.3 |      52 |       9 |  14.8
   Spider:3 |    8764 |       0 |   0.0 |      24 |       0 |   0.0
   Spider:4 |   13242 |   20335 |  60.6 |      34 |      43 |  55.8
      Orc:1 |    2687 |     813 |  23.2 |      19 |       4 |  17.4
      Orc:2 |    1759 |    9444 |  84.3 |      19 |      28 |  59.6
   Vaults:1 |   24299 |   16624 |  40.6 |      34 |      24 |  41.4
   Vaults:2 |   25567 |   31980 |  55.6 |      40 |      41 |  50.6
   Vaults:3 |   11513 |   12376 |  51.8 |      23 |      14 |  37.8
   Vaults:4 |   35653 |   49947 |  58.3 |      51 |      46 |  47.4
   Vaults:5 |   16443 |   76931 |  82.4 |      20 |      72 |  78.3
   Depths:1 |   18212 |   11781 |  39.3 |      25 |      16 |  39.0
   Depths:2 |   36100 |   14163 |  28.2 |      42 |      13 |  23.6
   Depths:3 |   42865 |   46989 |  52.3 |      52 |      44 |  45.8
   Depths:4 |   23826 |   25566 |  51.8 |      26 |      23 |  46.9
      Zot:2 |    1879 |       0 |   0.0 |       2 |       0 |   0.0
      Zot:3 |   53293 |    5176 |   8.9 |      39 |       5 |  11.4
      Zot:4 |   52470 |    3345 |   6.0 |      46 |       4 |   8.0
      Zot:5 |   21529 |   67610 |  75.8 |      16 |      29 |  64.4
     Bailey |       0 |    1463 | 100.0 |       0 |      34 | 100.0
    Volcano |       0 |    4685 | 100.0 |       0 |      13 | 100.0
     WizLab |       0 |   25510 | 100.0 |       0 |      37 | 100.0
 Desolation |       0 |   57223 | 100.0 |       0 |     119 | 100.0
   Gauntlet |       0 |    5907 | 100.0 |       0 |      13 | 100.0
            +---------+---------+-------+---------+---------+-------

Skill      XL: |  1  2  3  4  5  6  7  8  9 10 11 12 13 14 15 16 17 18 19 20 21 22 23 24 25 |
---------------+----------------------------------------------------------------------------+-----
Conjurations   | 2 5 |  5.4
Spellcasting   | 3 4 5 8 11 13 14 17 18 | 18.4
Air Magic      | 4 5 6 8 13 15 16 18 19 21 | 21.6
Dodging        | 5 6 8 11 12 13 14 18 19 21 | 21.3
Fighting       | 5 7 10 11 12 16 17 20 21 | 21.4
Polearms       | 6 11 12 | 12.8
Ice Magic      | 5 |  5.1
Shields        | 7 |  7.3
Transmutations | 4 |  4.3
Hexes          | 6 8 |  8.0
Necromancy     | 7 8 |  8.6
Evocations     | 4 |  4.5
Summonings     | 5 11 12 | 12.7
Stealth        | |  1.7

Action                     |  1- 3 |  4- 6 |  7- 9 | 10-12 | 13-15 | 16-18 | 19-21 | 22-24 | 25-27 || total
---------------------------+-------+-------+-------+-------+-------+-------+-------+-------+-------++-------
  Melee: Unarmed           |     9 |       |       |       |       |       |       |       |       ||     9
         Falchion          |       |     2 |       |       |       |       |       |       |       ||     2
         Hand axe          |       |    13 |    44 |    11 |       |       |       |       |       ||    68
         Tailslap          |       |     2 |     5 |    78 |   224 |   269 |   452 |   429 |    15 ||  1474
         Punch             |       |       |     1 |     3 |       |       |       |       |       ||     4
         Lance             |       |       |       |   425 |  1145 |  1603 |  1892 |  1716 |    83 ||  6864
   Fire: Sling             |    34 |       |       |       |       |       |       |       |       ||    34
   Cast: Shock             |    59 |   111 |   115 |    98 |    31 |       |       |       |       ||   414
         Static Discharge  |     4 |     7 |    17 |     4 |       |       |       |       |       ||    32
         Airstrike         |       |       |    40 |   131 |   174 |   175 |    18 |     5 |       ||   543
         Freezing Cloud    |       |       |       |    10 |    86 |    74 |    36 |    32 |     1 ||   239
         Arcjolt           |       |       |       |       |     4 |    57 |    63 |    23 |       ||   147
         Maxwell's Capacit |       |       |       |       |       |    20 |    38 |    23 |     5 ||    86
         Animate Dead      |       |       |       |       |       |    13 |    11 |    13 |       ||    37
         Haunt             |       |       |       |       |       |     9 |    24 |    63 |    14 ||   110
         Blink             |       |       |       |       |       |       |     2 |       |       ||     2
         Irradiate         |       |       |       |       |       |       |     3 |    24 |       ||    27
         Yara's Violent Un |       |       |       |       |       |       |       |     5 |       ||     5
 Invoke: Curse Item        |       |     1 |     2 |     4 |     2 |     5 |       |       |       ||    14
         Shatter the Chain |       |       |       |     1 |     3 |     1 |       |     1 |       ||     6
Ability: Breathe Frost     |       |       |     4 |     1 |     1 |       |       |       |       ||     6
  Evoke: Wand              |       |       |     6 |     3 |     3 |       |     2 |     4 |       ||    18
         Box of beasts     |       |       |       |       |       |       |     1 |       |       ||     1
    Use: Potion            |     1 |     1 |       |       |       |     1 |       |     6 |     5 ||    14
         Scroll            |       |     3 |       |     1 |     6 |     7 |     5 |    13 |       ||    35
   Stab: Invisible         |       |       |     2 |     8 |       |       |     3 |       |       ||    13
         Sleeping          |       |       |       |     9 |    18 |    16 |    20 |     6 |       ||    69
         Distracted        |       |       |       |     1 |     1 |    13 |    21 |    36 |     2 ||    74
         Petrified         |       |       |       |       |     7 |       |       |       |       ||     7
         Confused          |       |       |       |       |       |       |       |     2 |       ||     2
 Armour: Skin              |    14 |     7 |    29 |   103 |   197 |   367 |   316 |   410 |    20 ||  1463
  Dodge: Dodged            |    33 |    23 |    53 |   331 |   568 |  1516 |  1237 |  1445 |    52 ||  5258
  Block: Buckler           |       |       |       |     3 |   235 |   523 |   464 |   497 |    20 ||  1742

Illustrated notes

Table legend:
 A = Kills in this place as a percentage of kills in the entire game.
 B = Kills by you in this place as a percentage of kills by you in the entire game.
 C = Kills by friends in this place as a percentage of kills by friends in the entire game.
 D = Other kills in this place as a percentage of other kills in the entire game.
 E = Experience gained in this place as a percentage of experience gained in the entire game.
 F = Experience gained in this place divided by the number of levels of this place that you have seen.
                   A       B       C       D       E      F
               +-------+-------+-------+-------+-------+----------------------
         Total | 100.0 | 100.0 | 100.0 | 100.0 | 100.0 | 23685.7
       Dungeon |  21.1 |  23.6 |   0.9 |  11.1 |   8.0 | 6340.5
          Lair |   9.1 |  10.2 |   0.0 |   0.0 |   5.4 | 12688.4
        Shoals |   8.1 |   6.5 |  21.1 |  22.2 |   7.8 | 22952.2
   Spider Nest |  11.4 |  11.0 |  14.7 |  11.1 |   8.1 | 24123.5
  Orcish Mines |   3.4 |   3.8 |   0.0 |   0.0 |   1.2 | 7351.5
        Vaults |  17.8 |  16.8 |  25.7 |  22.2 |  25.4 | 60266.6
        Depths |  11.7 |  10.6 |  21.6 |  11.1 |  18.5 | 54875.5
           Zot |   6.9 |   6.5 |  11.0 |   0.0 |  17.5 | 41421.2
        Bailey |   1.7 |   1.9 |   0.0 |   0.0 |   0.1 | 1463.0
       Volcano |   0.6 |   0.7 |   0.0 |   0.0 |   0.4 | 4685.0
        Wizlab |   1.8 |   2.0 |   0.0 |   0.0 |   2.2 | 25510.0
    Desolation |   5.8 |   5.8 |   5.0 |  22.2 |   4.8 | 57223.0
      Gauntlet |   0.6 |   0.7 |   0.0 |   0.0 |   0.5 | 5907.0
               +-------+-------+-------+-------+-------+----------------------

Table legend: (Time is in decaauts)
 A = Elapsed time spent in this place.
 B = Non-inter-level travel time spent in this place.
 C = Inter-level travel time spent in this place.
 D = Time resting spent in this place.
 E = Time spent auto-exploring this place.
 F = Levels seen in this place.
 G = Mean time per level.
                   A        B        C        D        E       F      G
               +--------+--------+--------+--------+--------+-----+--------+
         Total |  56452 |  53147 |   3305 |   8061 |  32697 |  50 | 1129.0 |
       Dungeon |  17910 |  16316 |   1594 |   1899 |  11654 |  15 | 1194.0 |
          Lair |   6924 |   6477 |    447 |   1157 |   4377 |   5 | 1384.8 |
        Shoals |   5451 |   5282 |    169 |    487 |   3829 |   4 | 1362.8 |
   Spider Nest |   5328 |   5102 |    226 |    996 |   3044 |   4 | 1332.0 |
  Orcish Mines |   1518 |   1425 |     93 |    147 |    993 |   2 |  759.0 |
        Vaults |   8338 |   7784 |    554 |   1140 |   4343 |   5 | 1667.6 |
        Depths |   4708 |   4507 |    201 |    175 |   3125 |   4 | 1177.0 |
           Zot |   2587 |   2570 |     17 |    824 |    432 |   5 |  517.4 |
         Trove |     15 |     15 |      0 |      0 |      0 |   1 |   15.0 |
        Bailey |    541 |    541 |      0 |    185 |    199 |   1 |  541.0 |
       Volcano |    356 |    356 |      0 |    200 |     32 |   1 |  356.0 |
        Wizlab |    970 |    970 |      0 |    315 |    342 |   1 |  970.0 |
    Desolation |    934 |    934 |      0 |    246 |     18 |   1 |  934.0 |
      Gauntlet |    865 |    865 |      0 |    288 |    308 |   1 |  865.0 |
               +--------+--------+--------+--------+--------+-----+--------+

Top non-repeatable levels by time:
Vaults:4: 2547 daAuts
  Lair:3: 2200 daAuts
Spider:2: 2003 daAuts
Vaults:1: 1845 daAuts
Shoals:4: 1782 daAuts
Vaults:2: 1719 daAuts
     D:8: 1713 daAuts
    D:14: 1596 daAuts
Vaults:3: 1513 daAuts
     D:3: 1426 daAuts
Shoals:2: 1425 daAuts
Depths:2: 1355 daAuts
     D:9: 1352 daAuts
Depths:3: 1345 daAuts
  Lair:5: 1336 daAuts
